 Dungeon Crawl Stone Soup version 0.28.0 (webtiles) character file.

Game seed: 16448799109820067246

1797378 P0WERM0DE the Slayer (level 26, 299/299 HPs)
             Began as a Demonspawn Chaos Knight on Feb 10, 2022.
             Was a Favourite Plaything of Xom.
             Escaped with the Orb
             ... and 3 runes!
             The game lasted 01:14:04 (61221 turns).

P0WERM0DE the Slayer (Demonspawn Chaos Knight)     Turns: 61221, Time: 01:14:04

Health: 299/299    AC: 32    Str: 14    XL:     26   Next: 97%
Magic:  47/47      EV: 22    Int: 23    God:    Xom [...*..]
Gold:   5422       SH:  0    Dex: 13    Spells: 49/65 levels left

rFire   + + +      SeeInvis +   u - +8 woodcutter's axe {vorpal}
rCold   + + .      Faith    .   k - +5 kite shield {AC+3}
rNeg    + + +      Spirit   +   (armour currently unavailable)
rPois   ∞          Reflect  .   o - -2 hat of the Alchemist {rElec rPois rF+ rC+ rN+ Will+ rMut rCorr}
rElec   +          Harm     .   m - +1 cloak of Starlight {*Dazzle EV+4 Stlth--}
rCorr   +          Rampage  .   (gloves unavailable)
rMut    +                       (boots currently unavailable)
Will    +++++                   i - amulet of the Sun {rN+ Regen+ Int+6 SInv}
Stlth   ..........              M - ring "Nymed" {rElec Will+ Str-3 Slay+5}
HPRegen 1.39/turn               f - ring of Unimuism {rF+ Will+ Str-4 Slay+3}
MPRegen 0.60/turn

@: confused, statue-form, resistant, ambrosia-drunk, studying Crossbows, very
slow
A: slow and powerful, torment resistance 1, boosted hp, large bone plates 3,
demonic guardian 3, magic shield, magic regeneration, magic link, black mark,
bedeviling, aura of silence, demonic touch 3, talons 1, thin skeletal structure
1, clumsy 1, deformed body, deterioration 2, strong-willed 2, evolution 2,
inability to read while threatened
0: Orb of Zot
}: 3/15 runes: barnacled, silver, gossamer
a: End Transformation, Renounce Religion


You escaped.
You worshipped Xom.
You were a favourite toy of Xom.
You were a living statue of rough stone.
You visited 9 branches of the dungeon, and saw 48 of its levels.
You visited the Abyss 4 times.
You visited 2 bazaars.
You also visited: Ice Cave.

You collected 10747 gold pieces.
You spent 5325 gold pieces at shops.

Inventory:

Hand Weapons
 u - the +8 woodcutter's axe (weapon) {vorpal}
   (You found it on level 3 of the Dungeon)

   It inflicts extra damage upon your enemies.
 X - a +2 dagger of distortion
   (You took it off Sonja on level 3 of the Lair of Beasts)
 Z - a +9 trishula of holy wrath
   (You took it off Mennas on level 4 of the Vaults)
Missiles
 s - a throwing net (quivered)
 B - 8 silver javelins
 Y - 11 curare-tipped darts
Armour
 d - the +4 dragonskin cloak
   (You took it off Tiamat on level 5 of the Realm of Zot)

   It grants the wearer a chance to resist fire, cold, poison, electricity,
   acid, and negative energy.
 k - a +5 kite shield of protection (worn)
   (You took it off a tengu warrior on level 15 of the Dungeon)
 m - the +1 cloak of Starlight (worn) {*Dazzle EV+4 Stlth--}
   (You bought it in a shop on level 5 of the Vaults)

   It may blind those who miss an attack against the wearer in melee combat.
   EV:        It affects your evasion (+4).
   Stlth:     It makes you much less stealthy.
 o - the -2 hat of the Alchemist (worn) {rElec rPois rF+ rC+ rN+ Will+ rMut rCorr}
   (You found it on level 4 of the Depths)

   rF:        It protects you from fire.
   rC:        It protects you from cold.
   rElec:     It insulates you from electricity.
   rPois:     It protects you from poison.
   rN:        It protects you from negative energy.
   rCorr:     It protects you from acid and corrosion.
   rMut:      It protects you from mutation.
   Will:      It increases your willpower.
 p - the +3 pair of seven-league boots (melded) {Rampage+∞}
   (You found it on level 3 of the Lair of Beasts)

   Its wearer moves as far as possible in that direction when moving towards
   enemies.
 r - a +4 troll leather armour (melded)
   (You found it on level 12 of the Dungeon)
Jewellery
 f - the ring of Unimuism (right fist) {rF+ Will+ Str-4 Slay+3}
   (You found it on level 3 of the Elven Halls)

   [ring of willpower]

   Str:       It affects your strength (-4).
   Slay:      It affects your accuracy & damage with ranged weapons and melee
   (+3).
   rF:        It protects you from fire.
   Will:      It increases your willpower.
 i - the amulet of the Sun (around neck) {rN+ Regen+ Int+6 SInv}
   (You bought it in a shop on level 2 of the Orcish Mines)

   [amulet of regeneration]

   Int:       It affects your intelligence (+6).
   rN:        It protects you from negative energy.
   SInv:      It lets you see invisible.
   Regen:     It increases your rate of health regeneration.
 J - the ring "Rowaunob" {+Blink rPois rC+ Will+ Int-3}
   (You bought it in a shop on level 1 of the Elven Halls)

   [ring of poison resistance]

   Int:       It affects your intelligence (-3).
   rC:        It protects you from cold.
   rPois:     It protects you from poison.
   +Blink:    It lets you blink.
   Will:      It increases your willpower.
 M - the ring "Nymed" (left fist) {rElec Will+ Str-3 Slay+5}
   (You found it on level 3 of the Elven Halls)

   [ring of willpower]

   Str:       It affects your strength (-3).
   Slay:      It affects your accuracy & damage with ranged weapons and melee
   (+5).
   rElec:     It insulates you from electricity.
   Will:      It increases your willpower.
 V - a ring of fire
   (You found it on level 14 of the Dungeon)
Wands
 v - a wand of digging (24)
   (You found it on level 6 of the Dungeon)
 A - a wand of charming (18)
   (You found it on level 1 of the Spider Nest)
 D - a wand of mindburst (23)
   (You found it on level 11 of the Dungeon)
 P - a wand of paralysis (16)
   (You bought it in a shop in a bazaar)
 R - a wand of iceblast (38)
   (You found it on level 2 of the Spider Nest)
 U - a wand of acid (20)
   (You found it on level 2 of the Spider Nest)
Scrolls
 b - 8 scrolls of fear
 e - 4 scrolls of silence
 t - 2 scrolls of teleportation
 z - 2 scrolls of blinking
 F - 12 scrolls of fog
 G - 8 scrolls of immolation
 L - 10 scrolls of enchant weapon
 S - 6 scrolls of vulnerability
Potions
 a - 4 potions of invisibility
 g - 7 potions of mutation
 l - 2 potions of magic
 n - 2 potions of resistance
 q - 6 potions of curing
 w - 3 potions of heal wounds
 C - 4 potions of cancellation
 E - 10 potions of attraction
 H - 4 potions of flight
 N - 6 potions of berserk rage
 O - 6 potions of brilliance
 T - 4 potions of ambrosia
Miscellaneous
 c - a condenser vane
   (You found it on level 2 of the Lair of Beasts)
 x - a tin of tremorstones (2/2)
   (You found it on level 2 of the Depths)
 y - a lightning rod (4/4)
   (You found it on level 6 of the Lair of Beasts)
 K - a phantom mirror (inert)
   (You found it on level 9 of the Dungeon)
 Q - a box of beasts (inert)
   (You found it on level 3 of the Elven Halls)
 W - a piece from Xom's chessboard (15/15)
   (You found it on level 11 of the Dungeon)


   Skills:
 * Level 23.7 Fighting
 - Level 4.4 Axes
 - Level 16.0 Armour
 * Level 15.5 Dodging
 * Level 16.7 Shields
 - Level 20.0 Spellcasting
 - Level 13.0 Transmutations
 - Level 12.8 Earth Magic
 - Level 15.0 Evocations


You had 49 spell levels left.
You knew the following spells:

 Your Spells              Type           Power      Damage    Failure   Level
a - Passwall              Tmut/Erth      58%        N/A       1%          2
q - Statue Form           Tmut/Erth      46%        N/A       2%          6
w - Irradiate             Conj/Tmut      26%        3d22      6%          5
x - Frozen Ramparts       Ice            46%        1d6       10%         3

Your spell library contained the following spells:

 Spells                   Type           Power      Damage    Failure   Level
 Sandblast                Erth           100%       2d20      0%          1
 Ignite Poison            Fire/Tmut/Pois 42%        N/A       1%          3
 Stone Arrow              Conj/Erth      100%       3d13      1%          3
 Blade Hands              Tmut           35%        N/A       1%          5
 Ice Form                 Ice/Tmut       52%        N/A       2%          4
 Leda's Liquefaction      Hex/Erth       34%        N/A       2%          4
 Animate Skeleton         Necr           46%        N/A       3%          1
 Foxfire                  Conj/Fire      92%        2x1d8     3%          1
 Pain                     Necr           92%        1d8       3%          1
 Slow                     Hex            100%       N/A       3%          1
 Summon Small Mammal      Summ           92%        N/A       3%          1
 Call Imp                 Summ           23%        N/A       4%          2
 Corpse Rot               Necr/Air       46%        N/A       4%          2
 Ensorcelled Hibernation  Hex/Ice        68%        N/A       4%          2
 Poisonous Vapours        Pois/Air       46%        N/A       4%          2
 Scorch                   Fire           46%        2d7       4%          2
 Static Discharge         Conj/Air       23%        N/A       4%          2
 Call Canine Familiar     Summ           23%        N/A       10%         3
 Conjure Flame            Conj/Fire      23%        6-21      10%         3
 Inner Flame              Hex/Fire       34%        N/A       10%         3
 Mephitic Cloud           Conj/Pois/Air  23%        N/A       10%         3
 Ozocubu's Armour         Ice            23%        N/A       10%         3
 Portal Projectile        Hex/Tloc       68%        N/A       10%         3
 Summon Guardian Golem    Hex/Summ       34%        N/A       10%         3
 Swiftness                Air            23%        N/A       10%         3
 Teleport Other           Tloc           23%        N/A       10%         3
 Vampiric Draining        Necr           23%        2d7       10%         3
 Dragon Form              Tmut           35%        N/A       13%         7
 Cause Fear               Hex            17%        N/A       32%         4
 Dispel Undead            Necr           23%        3d12      32%         4
 Flame Wave               Conj/Fire      23%        2d7       32%         4
 Fulminant Prism          Conj/Hex       17%        3d11      32%         4
 Hailstorm                Conj/Ice       23%        3d7       32%         4
 Sticky Flame             Conj/Fire      23%        2d4       32%         4
 Summon Ice Beast         Ice/Summ       23%        N/A       32%         4
 Iron Shot                Conj/Erth      25%        9d5       34%         6
 Excruciating Wounds      Necr           11%        N/A       65%         5
 Fireball                 Conj/Fire      11%        3d7       65%         5
 Freezing Cloud           Conj/Ice/Air   11%        6-21      65%         5
 Iskenderun's Battlesphe  Conj           23%        2d8       65%         5
 Silence                  Hex/Air        17%        N/A       65%         5
 Summon Mana Viper        Hex/Summ       34%        N/A       65%         5
 Conjure Ball Lightning   Conj/Air       11%        3x3d6     99%         6
 Dispersal                Tloc           11%        N/A       99%         6
 Simulacrum               Ice/Necr       11%        N/A       99%         6
 Starburst                Conj/Fire      11%        6d5       99%         6
 Summon Cactus Giant      Summ           11%        N/A       99%         6
 Malign Gateway           Summ/Tloc      11%        N/A       100%        7
 Ozocubu's Refrigeration  Ice            11%        4d7       100%        7
 Spellforged Servitor     Conj/Summ      11%        N/A       100%        7
 Summon Hydra             Summ           11%        N/A       100%        7
 Borgnjor's Revivificati  Necr           11%        N/A       100%        8
 Discord                  Hex            17%        N/A       100%        8
 Disjunction              Tloc           11%        N/A       100%        8
 Necromutation            Tmut/Necr      26%        N/A       100%        8
 Summon Horrible Things   Summ           11%        N/A       100%        8
 Chain Lightning          Conj/Air       11%        3d15      100%        9
 Death's Door             Necr           11%        N/A       100%        9
 Dragon's Call            Summ           11%        N/A       100%        9
 Fire Storm               Conj/Fire      11%        8d3       100%        9
 Shatter                  Erth           35%        3d28*     100%        9


Dungeon Overview and Level Annotations

Branches:
Dungeon (15/15)            Temple (0/1) D:7            Lair (6/6) D:8
 Shoals (4/4) Lair:2       Spider (4/4) Lair:3        Slime (0/5) Lair:5
    Orc (2/2) D:12            Elf (3/3) Orc:2        Vaults (5/5) D:13
  Crypt (0/3) Vaults:2     Depths (4/4) D:15            Zot (5/5) Depths:4
  IceCv (visited)

Altars:
Elyvilon
Gozag
Hepliaklqana
Kikubaaqudgha
Makhleb
Nemelex Xobeh
Uskayaw
Vehumet
Wu Jian
Xom
Zin
Beogh
Jiyva
Lugonu

Shops:
D:5 !!   D:12 (   Orc:2 =((?   Elf:1 :((=   Shoals:2 =   Shoals:3 [!
Vaults:1 ?   Vaults:3 *   Vaults:5 [

Portals:
Hell: Depths:1 Depths:2 Depths:3 Depths:4
Abyss: Depths:3
Pandemonium: Depths:2 Depths:4
Ziggurat: Depths:2
Trove: Vaults:1 (give 14 scrolls of teleportation)

Annotations:
Lair:4 exclusion: oklob plant
Vaults:4 36 runed doors
Depths:1 3 runed translucent doors
Zot:5 exclusion: obsidian statue


Innate Abilities, Weirdness & Mutations

You are a living statue of rough stone.
Your actions are slow, but your melee attacks are powerful.
You are resistant to unholy torment.
Your maximum health is greatly increased.
You are immune to poison.
Your equipment is partially melded.
You are completely covered in large bone plates. (SH +8)
A powerful demonic guardian rushes to your aid.
When hurt, damage is shared between your health and your magic reserves.
You regenerate magic rapidly.
When low on magic, you restore magic in place of health.
Your melee attacks may debilitate your foes.
Your hexes are more powerful.
You are surrounded by an aura of silence.
Your touch may irresistibly damage your foes and sap their willpower.
You have sharp toenails.
You have a somewhat thin skeletal structure. (Dex +2, Stealth+)
You are clumsy. (Dex -2)
Armour fits poorly on your strangely shaped body.
Your body often deteriorates upon taking damage.
You are highly strong-willed. (Will++)
You have great hidden genetic potential.
You sometimes lose the ability to read scrolls when taking damage.


Message History

Your +4 troll leather armour melds into your body.
You no longer feel ready to stride towards your foes.
You block the hell beast's attack. x3; The hell beast barely misses you.
You slash the hell beast! You claw the hell beast.
The hell beast is lightly wounded.
You block the hell beast's attack. x2
You slice the hell beast!!
The hell beast looks weaker.
You claw the hell beast!
The hell beast is severely wounded.
You block the hell beast's attack. x4
You slice the hell beast!!
You kill the hell beast!
No target in view!
No target in view!
No target in view!
(D) Dungeon (T) Temple (L) Lair (A) Shoals (N) Spider Nest (M) Slime Pits (O) Orcish Mines (E) Elven Halls (V) Vaults (C) Crypt (U) Depths (H) Hell (Z) Zot
Where to? (Enter - D:1 @ (x,y), ? - help) Magic restored.
A ynoxinul comes into view.
There is an escape hatch in the ceiling here.
A mysterious force pulls you upwards. The hatch slams shut behind you.
Unknown command.
(D) Dungeon (T) Temple (L) Lair (A) Shoals (N) Spider Nest (M) Slime Pits (O) Orcish Mines (E) Elven Halls (V) Vaults (C) Crypt (U) Depths (H) Hell (Z) Zot
Where to? (Enter - D:1 @ (x,y), ? - help)
What level of the Dungeon? (default 1, ? - help) You're already here!
Unknown command.
You see here a +0 dagger.
There is a staircase leading out of the dungeon here.
You feel protected.
You are confused.
You feel invigorated.
In your confused state, you trip and fall back down the stairs.
You have escaped!

.# ###########...## #...# ##
#.......#......#### #...# #
#.......#.........#####...##
######....(.................(....
....##§..........................
###.##...........................
#.##..≈≈≈≈...#....≈≈≈≈..##...##
#.##.≈§§≈≈≈......≈≈≈≈≈≈.##...#
#.##.§§§≈§≈§.>8..≈≈≈≈≈≈.##...#
#.##.§≈§≈§§......≈≈≈≈≈≈.##...#
#.##§.§§§≈.§####..≈≈≈≈..##...##
#.###.....§## ##......####...#
#.######...# #......# #.....
#....###...## ##......# #.....
####.....#..####....)..###..#.#
########.........)...##..#..
###..................


There were no monsters in sight!

Vanquished Creatures
  A dread lich (Zot:5)
  Tiamat (Zot:5)
  The ghost of Sebriys the Wrestler, a legendary TrBe of Trog (Zot:5)
  An ancient lich (Vaults:5)
  Mara (Vaults:4)
  2 orbs of fire
  Boris (Depths:3)
  Sojobo (Depths:2)
  Saint Roka (Vaults:4)
  Bai Suzhen (Vaults:2)
  4 Killer Klowns
  The ghost of handsome the Unseen, a veteran OpWn of Xom (Vaults:3)
  A curse toe (Zot:4)
  2 caustic shrikes (Depths:4)
  11 golden dragons
  A bone dragon (Depths:4)
  An electric golem (Zot:3)
  3 walking crystal tomes
  15 tentacled monstrosities
  Mlioglotl (Lair:3)
  Asterion (Spider:1)
  2 walking earthen tomes
  2 titans
  20 Orb Guardians (Zot:5)
  2 deep elf blademasters (Elf:3)
  A walking frostbound tome (Depths:3)
  A deep elf master archer (Elf:3)
  A kraken (Shoals:4)
  9 sphinxes
  5 quicksilver dragons
  8 death cobs
  An Executioner (Zot:1)
  6 tentacled starspawn (Abyss:3)
  An eldritch tentacle (Zot:2)
  9 shadow dragons
  16 storm dragons
  An azure jelly (D:13)
  3 draconian monks
  9 tengu reavers
  Roxanne (Spider:4)
  A daeva (D:9)
  2 iron dragons (Depths:3)
  7 draconian knights
  4 narguns (Zot:2)
  2 cacodemons (Vaults:3)
  Aizul (Elf:2)
  5 emperor scorpions
  7 deep elf sorcerers (Elf:3)
  10 draconian scorchers
  7 fire giants
  15 vault wardens
  A balrug (Abyss:3)
  8 draconian shifters
  6 frost giants
  7 ghost moths
  3 draconian stormcallers
  4 orc warlords
  The ghost of Uqorphet the Eclecticist, a journeyman DECj of Vehumet (D:14)
  8 deep elf elementalists (Elf:3)
  19 ironbound preservers
  5 war gargoyles
  A quicksilver ooze (Spider:4)
  14 stone giants
  A broodmother (Spider:2)
  2 spriggan defenders (Depths:2)
  4 draconian annihilators
  18 very ugly things
  7 ironbound thunderhulks
  10 deep elf demonologists
  2 vampire knights (Depths:2)
  A reaper (IceCv)
  9 green draconians
  A bunyip (shapeshifter) (Vaults:5)
  4 entropy weavers
  17 red draconians
  11 spark wasps
  A minotaur (Shoals:1)
  12 dire elephants
  8 deep elf annihilators
  12 black draconians
  14 purple draconians
  12 white draconians
  A spark wasp (shapeshifter) (Depths:1)
  10 yellow draconians
  4 deep elf death magi (Elf:3)
  Josephine (D:11)
  7 merfolk impalers
  2 crystal guardians (Vaults:4)
  7 merfolk javelineers
  A blizzard demon (Abyss:3)
  10 ettins
  15 yaktaur captains
  6 fire dragons
  5 deep elf high priests (Elf:3)
  8 great orbs of eyes
  Erolcha (Orc:1)
  A rakshasa (Depths:2)
  5 ice dragons
  A hell beast (D:2)
  3 peacekeepers
  4 hydras
  41 vault guards
  7 spriggan air magi
  An alligator snapping turtle (Depths:3)
  A jorogumo (Spider:4)
  8 merfolk aquamancers
  Erica (Orc:1)
  5 ironbound frosthearts
  An anaconda (Shoals:4)
  2 radroaches (Spider:4)
  3 ogre magi
  5 satyrs
  A catoblepas (Lair:3)
  5 death knights
  9 boulder beetles
  36 dancing weapons
  A merfolk avatar (Shoals:3)
  9 centaur warriors
  6 two-headed ogres
  6 death yaks
  8 deep troll earth magi
  A vampire mage (Vaults:2)
  Urug (Orc:1)
  5 deep troll shamans
  A hell hog (Depths:1)
  6 tengu warriors
  Sonja (Lair:3)
  A spriggan berserker (Depths:3)
  16 hell knights
  Nergalle (Orc:1)
  2 sun demons
  11 deep elf knights
  6 pharaoh ants
  A sun moth (Spider:4)
  3 skeletal warriors
  A sea snake (shapeshifter) (Vaults:5)
  4 iron trolls
  4 glowing orange brains
  A wretched star (Abyss:3)
  9 steelbarb worms
  8 orb spiders
  A shadow demon (Depths:3)
  59 deep trolls
  2 flayed ghosts
  A swamp dragon (Lair:6)
  12 lindwurms
  11 harpies
  12 orc knights
  8 sea snakes
  6 wizards
  21 deep elf zephyrmancers
  9 necromancers
  4 phantasmal warriors
  19 ironbound convokers
  21 ugly things
  11 deep elf archers
  22 deep elf pyromancers
  2 oklob plants
  A salamander (shapeshifter) (D:13)
  An iron dragon zombie (D:15)
  A shining eye (D:10)
  10 orc sorcerers
  17 manticores
  A stone giant zombie (D:15)
  3 worldbinders (Abyss:2)
  A fire giant zombie (D:15)
  A wolf spider (shapeshifter) (Vaults:4)
  18 wolf spiders
  7 merfolk sirens
  22 elephants
  28 moths of wrath
  5 cyclopes
  21 fauns
  A will-o-the-wisp (Abyss:3)
  A naga mage (Abyss:3)
  3 black mambas
  An ice statue (IceCv)
  3 water nymphs
  5 smoke demons
  9 torpor snails
  A rust devil (Abyss:3)
  7 cane toads
  19 vault sentinels
  A gargoyle (D:13)
  A guardian serpent (Abyss:3)
  An orange demon (Abyss:3)
  A yaktaur zombie (Vaults:2)
  8 rime drakes
  An unseen horror (Orc:1)
  2 elf skeletons
  4 efreet
  2 komodo dragons (shapeshifter)
  A rime drake (shapeshifter) (Vaults:3)
  11 komodo dragons
  An ice devil (IceCv)
  7 demonic crawlers
  3 hellions
  3 tengu conjurers
  39 yaktaurs
  2 entropy weaver simulacra (IceCv)
  A tormentor (Abyss:3)
  5 freezing wraiths
  An anaconda simulacrum (IceCv)
  4 ancient zymes
  A meliai (shapeshifter) (Orc:1)
  19 merfolk
  10 meliai
  12 polar bears
  7 trolls
  4 raiju
  35 tarantellas
  A tyrant leech (Shoals:2)
  A raiju (shapeshifter) (Vaults:3)
  4 wind drakes
  4 hornets
  13 dream sheep
  16 blink frogs
  An ettin zombie (Vaults:2)
  2 human simulacra (Vaults:1)
  13 slime creatures
  A stone giant simulacrum (Vaults:2)
  13 snapping turtles
  3 vampires (Vaults:2)
  8 air elementals
  20 culicivoras
  2 flying skulls (Abyss:3)
  3 shadows
  13 small abominations
  14 water elementals
  3 spriggans
  48 yaks
  21 jumping spiders
  A centaur simulacrum (D:15)
  7 wraiths
  A dire elephant simulacrum (IceCv)
  2 ynoxinuls (Abyss:3)
  5 wyverns
  A hog (shapeshifter) (D:15)
  A human (D:13)
  8 large abominations
  3 hogs (D:14)
  7 fire bats (Depths:1)
  3 basilisks
  28 fire elementals
  77 redbacks
  5 vampire mosquitoes
  2 neqoxecs
  A steam dragon (Lair:6)
  A steam dragon (shapeshifter) (Vaults:3)
  A redback (shapeshifter) (Depths:2)
  3 chaos spawn
  A harpy simulacrum (IceCv)
  A naga (Abyss:3)
  7 wargs
  3 acid dragons
  A swamp worm (shapeshifter) (Shoals:3)
  13 water moccasins
  An acid dragon (shapeshifter) (Depths:3)
  15 hell hounds
  2 floating eyes (shapeshifter)
  23 orc warriors
  An ice beast (D:7)
  A naga skeleton (Abyss:3)
  2 human zombies (Vaults:1)
  15 ogres
  A swamp drake (Lair:6)
  A sky beast (shapeshifter) (Depths:2)
  15 black bears
  A sky beast (D:6)
  2 necrophages
  5 boggarts
  15 wolves
  A wolf (shapeshifter) (Vaults:3)
  7 centaurs
  A phantom (D:5)
  A kobold brigand (D:8)
  The ghost of Slaatcain the Conjurer, an amateur DECj (D:4)
  4 scorpions
  A scorpion (shapeshifter) (Vaults:3)
  9 bullfrogs
  A gnoll sergeant (D:3)
  7 two-headed ogre simulacra (IceCv)
  7 earth elementals
  3 elephant simulacra (IceCv)
  A killer bee (shapeshifter) (Vaults:3)
  4 water moccasin skeletons
  6 killer bees
  5 wights (D:8)
  3 electric eels
  4 howler monkeys
  2 centaur zombies
  16 starcursed masses
  A bullfrog zombie (D:5)
  10 hounds
  A jelly (shapeshifter) (Vaults:3)
  4 centaur skeletons
  16 orc priests
  4 jellies
  2 bullfrog skeletons
  An iron imp (Abyss:3)
  2 gnoll shamans
  34 orc wizards
  10 iguanas
  6 yak simulacra (Lair:6)
  Ijyb (D:4)
  4 hell rats (Lair:4)
  4 polar bear simulacra
  A scorpion zombie (D:5)
  3 spriggan simulacra (IceCv)
  6 wolf simulacra
  6 troll simulacra (IceCv)
  A hound zombie (D:5)
  2 howler monkey zombies
  9 gnolls
  3 naga simulacra (IceCv)
  5 adders
  2 shadow imps
  7 white imps
  9 ufetubi
  A worm (D:2)
  A dart slug (D:4)
  71 orcs
  6 ball pythons
  17 endoplasms
  A giant cockroach (D:3)
  8 goblins
  6 hobgoblins
  6 jackals (D:3)
  5 quokkas
  5 bats
  2 frilled lizards
  8 kobolds
  4 rats
  A river rat simulacrum (Lair:6)
  6 starspawn tentacles (Abyss:3)
  2 tentacles (Shoals:4)
2235 creatures vanquished.

Vanquished Creatures (collateral kills)
  Mennas (Vaults:4)
  Boris (Vaults:4)
  Xtahua (Vaults:4)
  Arachne (Spider:3)
  A tentacled monstrosity (Vaults:5)
  Jorgrun (Orc:1)
  A quicksilver dragon (Zot:1)
  Gastronok (Lair:2)
  A pandemonium lord (D:6)
  A death cob (Zot:3)
  2 fire giants (Depths:3)
  2 draconian scorchers
  An iron dragon (Depths:3)
  2 vault wardens
  A draconian shifter (Zot:1)
  4 very ugly things (Vaults:3)
  A draconian stormcaller (Zot:4)
  An ironbound preserver (Vaults:2)
  A war gargoyle (Vaults:5)
  A red draconian (Zot:2)
  4 purple draconians
  7 dire elephants
  An ettin (Vaults:5)
  A fire dragon (Depths:2)
  Snorg (D:14)
  A yaktaur captain (Vaults:4)
  2 ice dragons
  A vault guard (D:15)
  2 hydras
  A rakshasa (Depths:3)
  A peacekeeper (Vaults:2)
  A radroach (Spider:3)
  A jorogumo (Spider:2)
  A merfolk avatar (Shoals:3)
  A two-headed ogre (D:13)
  A dancing weapon (Elf:2)
  3 satyrs
  2 death yaks (Lair:2)
  A hell hog (Depths:1)
  2 tengu warriors
  3 hell knights
  A storm dragon zombie (D:15)
  An iron troll (Depths:2)
  A skeletal warrior (D:13)
  A wretched star (Abyss:3)
  2 pharaoh ants
  6 orb spiders
  2 steelbarb worms
  A sea snake (Shoals:4)
  A glowing orange brain (shapeshifter) (Vaults:5)
  5 deep trolls
  A deep elf pyromancer (Elf:2)
  An ironbound convoker (Vaults:4)
  A deep elf archer (Elf:2)
  2 harpies
  3 wolf spiders
  A deep elf zephyrmancer (Elf:2)
  A faun (Shoals:4)
  A starcursed mass (Abyss:3)
  A water nymph (Shoals:1)
  A merfolk siren (Shoals:4)
  A black mamba (Lair:4)
  A naga mage (Abyss:3)
  A vault sentinel (Vaults:4)
  A demonic crawler (Spider:4)
  2 freezing wraiths (D:13)
  A yaktaur (Vaults:5)
  A tormentor (D:6)
  2 merfolk
  A tarantella (Spider:2)
  A red devil (D:6)
  2 slime creatures
  A dream sheep (Lair:6)
  A snapping turtle (Shoals:1)
  4 jumping spiders
  A culicivora (Spider:2)
  A ynoxinul (Abyss:3)
  An air elemental (Elf:2)
  A large abomination (Abyss:3)
  A wraith (D:13)
  4 yaks
  A basilisk (D:9)
  2 fire elementals (Zot:3)
  2 neqoxecs
  A death yak simulacrum (IceCv)
  4 redbacks
  A naga (Abyss:3)
  4 black bears
  An earth elemental (Elf:2)
  2 orc priests
  2 hounds
  An orc wizard (D:12)
  A white imp (IceCv)
  5 orcs
  A starspawn tentacle (Abyss:3)
155 creatures vanquished.

Vanquished Creatures (others)
  A caustic shrike (Depths:4)
  3 Orb Guardians (Zot:5)
  A draconian stormcaller (Zot:3)
  A black draconian (Zot:2)
  2 spark wasps
  A purple draconian (Zot:5)
  A merfolk impaler (Shoals:2)
  An ogre mage (Orc:2)
  An alligator (Lair:6)
  6 dancing weapons
  A death yak (Lair:2)
  A shock serpent (Zot:2)
  A deep elf knight (Elf:1)
  A wizard (D:13)
  An ironbound convoker (Vaults:1)
  A deep elf zephyrmancer (Elf:2)
  A faun (Shoals:4)
  2 deep elf pyromancers
  A manticore (Shoals:2)
  A demonic crawler (Spider:4)
  A tengu conjurer (D:15)
  A merfolk (Shoals:4)
  4 polar bears (Lair:6)
  2 blink frogs (Lair:6)
  4 dream sheep (Lair:6)
  A jumping spider (Spider:3)
  A flying skull (Abyss:3)
  2 yaks (Lair:2)
  2 black bears (Lair:6)
  A scorpion (shapeshifter) (Vaults:3)
  2 hounds (D:8)
  An iron imp (Abyss:3)
  A centaur skeleton (D:4)
  3 gnolls (D:5)
  6 foxfires (Abyss:3)
  28 fungi
  193 plants
  15 starspawn tentacles (Abyss:3)
  9 tentacles (Shoals:4)
  8 withered plants (D:15)
314 creatures vanquished.

Grand Total: 2704 creatures vanquished

Notes
Turn   | Place    | Note
-------+----------+-------------------------------------------
     0 | D:1      | P0WERM0DE the Demonspawn Chaos Knight began the quest for
                  | the Orb.
     0 | D:1      | Reached XP level 1. HP: 18/18 MP: 1/1
   163 | D:1      | XOM: silly message
   199 | D:1      | Gained mutation: You are partially covered in large bone
                  | plates. (SH +4) [demonic ancestry]
   199 | D:1      | Reached XP level 2. HP: 22/24 MP: 2/2
   811 | D:2      | Reached XP level 3. HP: 25/29 MP: 3/3
   978 | D:2      | Found an ornate altar of the Wu Jian Council.
  1021 | D:2      | Identified the +5 hand axe of Immorality {vamp, rPois}
  1076 | D:2      | XOM: god gift: 35 gold pieces
  1110 | D:2      | Found a faded altar of an unknown god.
  1545 | D:3      | XOM: silly message
  1836 | D:3      | XOM: silly message
  1905 | D:3      | Gained mutation: You regenerate magic rapidly. [demonic
                  | ancestry]
  1905 | D:3      | Reached XP level 4. HP: 37/37 MP: 4/4
  2039 | D:3      | XOM: silly message
  2048 | D:3      | Identified the +6 hand axe of Due Proportion {vorpal, rC+}
  2048 | D:3      | Noticed a gnoll sergeant
  2048 | D:3      | Found the +8 woodcutter's axe {vorpal}
  2056 | D:3      | Reached skill level 4 in Fighting
  2062 | D:3      | Killed a gnoll sergeant
  2063 | D:3      | Gained mutation: A weak demonic guardian rushes to your
                  | aid. [demonic ancestry]
  2063 | D:3      | Reached XP level 5. HP: 42/42 MP: 5/5
  2118 | D:4      | Noticed Ijyb
  2121 | D:4      | Noticed an ogre
  2123 | D:4      | Killed Ijyb
  2124 | D:4      | Reached skill level 1 in Dodging
  2128 | D:4      | Killed an ogre
  2129 | D:4      | Reached skill level 1 in Spellcasting
  2129 | D:4      | Gained mutation: Your touch may inflict minor irresistible
                  | damage on your foes. [demonic ancestry]
  2129 | D:4      | Reached XP level 6. HP: 49/49 MP: 5/7
  2199 | D:4      | Found a shimmering altar of Xom.
  2218 | D:4      | Reached skill level 5 in Fighting
  2247 | D:4      | XOM: divination: magic mapping
  2251 | D:4      | Reached XP level 7. HP: 56/56 MP: 10/10
  2288 | D:4      | Found a runed translucent gate.
  2288 | D:4      | Found a runed translucent gate.
  2293 | D:4      | Found a runed translucent gate.
  2382 | D:4      | Noticed Slaatcain's ghost (amateur DECj)
  2410 | D:4      | XOM: enchant monster (good)
  2413 | D:4      | Killed Slaatcain's ghost
  2618 | D:5      | Entered Level 5 of the Dungeon
  2631 | D:5      | XOM: smoke on damage
  2665 | D:5      | XOM: noise
  2672 | D:5      | Gained mutation: You are mostly covered in large bone
                  | plates. (SH +6) [demonic ancestry]
  2672 | D:5      | Reached XP level 8. HP: 61/64 MP: 11/13
  2674 | D:5      | Reached skill level 5 in Armour
  2675 | D:5      | XOM: divine lightning
  2679 | D:5      | Reached skill level 6 in Fighting
  2806 | D:5      | Found an ancient bone altar of Kikubaaqudgha.
  2831 | D:5      | XOM: summons friendly crimson imp
  2923 | D:5      | XOM: scenery: create altars
  3012 | D:5      | Found Xubobb's Distillery.
  3029 | D:5      | Bought a potion of haste for 130 gold pieces
  3029 | D:5      | Bought 2 potions of curing for 78 gold pieces
  3031 | D:5      | Found Ronka's Distillery.
  3090 | D:5      | XOM: cast spell 'Summon Cactus Giant'
  3124 | D:5      | Reached skill level 7 in Fighting
  3138 | D:5      | Reached XP level 9. HP: 67/72 MP: 16/16
  3145 | D:5      | Reached skill level 5 in Spellcasting
  3328 | D:6      | XOM: cloud trail
  3483 | D:6      | XOM: 1-stop teleportation journey
  3487 | D:6      | XOM: polymorph iguana -> killer bee
  4085 | D:6      | XOM: divination: detect creatures
  4141 | D:7      | Found a radiant altar of Vehumet.
  4141 | D:7      | XOM: 1-stop teleportation journey
  4143 | D:7      | XOM: cast spell 'Disjunction'
  4180 | D:7      | XOM: blink monster(s)
  4194 | D:7      | Reached skill level 8 in Fighting
  4262 | D:7      | XOM: summons 5 hostile demons
  4401 | D:7      | Found a staircase to the Ecumenical Temple.
  4486 | D:7      | Found a sparkling altar of Nemelex Xobeh.
  4486 | D:7      | Found an opulent altar of Gozag.
  4549 | D:7      | XOM: god gift: 11 gold pieces
  4575 | D:7      | XOM: 8-stop teleportation journey
  4740 | D:5      | Bought 2 potions of heal wounds for 140 gold pieces
  4896 | D:8      | XOM is BORED!
  4906 | D:8      | Noticed a troll
  4907 | D:8      | Found a staircase to the Lair.
  4913 | D:8      | XOM: destruction
  4915 | D:8      | Gained mutation: When hurt, damage is shared between your
                  | health and your magic reserves. [demonic ancestry]
  4915 | D:8      | Reached XP level 10. HP: 57/82 MP: 19/19
  4927 | D:8      | XOM: enchant monster (good)
  5004 | D:8      | XOM: cloud trail
  5171 | D:8      | XOM: give mutations
  5171 | D:8      | Gained mutation: You are agile. (Dex +2) [Xom's grace]
  5171 | D:8      | Gained mutation: Your flesh is heat resistant. (rF+) [Xom's
                  | grace]
  5171 | D:8      | Gained mutation: You have hidden genetic potential. [Xom's
                  | grace]
  5210 | D:8      | Learned a level 2 spell: Passwall
  5337 | D:8      | Reached skill level 5 in Dodging
  5339 | D:8      | Reached skill level 9 in Fighting
  5427 | D:8      | XOM: god gift: shortbow {god gift}
  5477 | D:8      | XOM: smoke on damage
  5483 | D:8      | XOM: smoke on damage
  5644 | D:8      | XOM: silly message
  5686 | D:9      | XOM: summons 6 hostile demons
  5719 | D:9      | XOM: scenery: 1 doors open
  5752 | D:9      | Found a burning altar of Makhleb.
  5754 | D:9      | XOM: enchant monster (good)
  5770 | D:9      | XOM: 2-stop teleportation journey
  5898 | D:9      | Identified a scroll of acquirement
  5912 | D:9      | Acquired 322 gold pieces
  6020 | D:9      | XOM: scenery: 2 doors open
  6085 | D:9      | XOM: cleaving
  6087 | D:9      | XOM: summons 10 friendly demons
  6094 | D:9      | Gained mutation: A demonic guardian rushes to your aid.
                  | [demonic ancestry]
  6094 | D:9      | Reached XP level 11. HP: 83/90 MP: 19/22
  6182 | D:9      | XOM: scenery: 1 doors close
  6371 | D:9      | XOM: confuse monster(s)
  6387 | D:9      | Gained mutation: Your muscles are strong. (Str +2) [hidden
                  | potential]
  6505 | D:10     | Entered Level 10 of the Dungeon
  6624 | D:10     | XOM: cast spell 'Metabolic Englaciation'
  6647 | D:10     | Reached skill level 10 in Fighting
  6668 | D:10     | Noticed a shining eye
  6668 | D:10     | a slime creature changed into a shining eye
  6668 | D:10     | XOM: polymorph slime creature -> shining eye
  6672 | D:10     | XOM: summons friendly crimson imp
  6672 | D:10     | Gained mutation: Your body sometimes deteriorates upon
                  | taking damage. [a shining eye]
  6674 | D:10     | Gained mutation: You tend to lose your temper in combat. [a
                  | shining eye]
  6676 | D:10     | Gained mutation: Your magical capacity is low. (-10% MP) [a
                  | shining eye]
  6677 | D:10     | Killed a shining eye
  6729 | D:10     | Lost mutation: You are agile. (Dex +2) [potion of mutation]
  6729 | D:10     | Lost mutation: Your body sometimes deteriorates upon taking
                  | damage. [potion of mutation]
  6729 | D:10     | Lost mutation: You tend to lose your temper in combat.
                  | [potion of mutation]
  6729 | D:10     | Lost mutation: Your magical capacity is low. (-10% MP)
                  | [potion of mutation]
  6729 | D:10     | Gained mutation: You have large cloven feet. [potion of
                  | mutation]
  6729 | D:10     | Gained mutation: Your system is resistant to poisons.
                  | (rPois) [potion of mutation]
  6730 | D:10     | XOM: silly message
  6975 | D:10     | XOM: silly message
  7088 | D:11     | Noticed a cyan ugly thing
  7092 | D:11     | Noticed Josephine
  7105 | D:11     | Killed Josephine
  7119 | D:11     | XOM: cleaving
  7360 | D:11     | XOM: stat loss: -1 Str (15/18)
  7431 | D:11     | Noticed a skeletal warrior
  7433 | D:11     | XOM: smoke on damage
  7655 | D:11     | XOM: noise
  7656 | D:11     | Noticed a death knight
  7660 | D:11     | XOM: summons friendly crimson imp
  7662 | D:11     | XOM: scenery: 2 doors close
  7673 | D:11     | XOM: cleaving
  7687 | D:11     | XOM: confuse monster(s)
  7710 | D:11     | XOM: scenery: 1 doors open, 1 doors close
  7711 | D:11     | Killed a skeletal warrior
  7712 | D:11     | Killed a death knight
  7903 | D:11     | XOM: give mutations
  7903 | D:11     | Gained mutation: You have supernaturally acute eyesight.
                  | (SInv) [Xom's grace]
  7903 | D:11     | Gained mutation: Your spells are a little harder to cast,
                  | but a little more powerful. [Xom's grace]
  8077 | D:11     | XOM: enchant monster (good)
  8080 | D:11     | Killed a cyan ugly thing
  8190 | D:11     | XOM: summons 5 hostile demons
  8191 | D:11     | Noticed a sun demon
  8241 | D:11     | XOM: draining
  8536 | D:12     | Found a staircase to the Orcish Mines.
  8536 | D:12     | Found Copsel's Weapon Emporium.
  8538 | D:12     | Noticed a deep elf pyromancer
  8543 | D:12     | Killed a deep elf pyromancer
  8544 | D:12     | Reached skill level 1 in Evocations
  8547 | D:12     | XOM: cast spell 'Disjunction'
  8572 | D:12     | Reached skill level 11 in Fighting
  8874 | D:12     | Noticed a two-headed ogre
  8881 | D:12     | Killed a two-headed ogre
  8882 | D:12     | Reached XP level 12. HP: 70/100 MP: 18/25
  9061 | D:12     | Noticed a boulder beetle
  9071 | D:12     | Killed a boulder beetle
  9072 | D:12     | Reached skill level 10 in Armour
  9072 | D:12     | Gained mutation: Your flesh is cold resistant. (rC+)
                  | [hidden potential]
  9072 | D:12     | Lost mutation: You have hidden genetic potential. [hidden
                  | potential expressed]
  9372 | Orc:1    | Entered Level 1 of the Orcish Mines
  9377 | Orc:1    | Noticed Urug
  9393 | Orc:1    | Killed Urug
  9558 | Orc:1    | XOM: silly message
  9963 | Orc:1    | Noticed Erolcha
  9971 | Orc:1    | Cast into level 2 of the Abyss (Erolcha)
 10059 | Abyss:3  | XOM: summons 7 hostile demons
 10091 | Abyss:3  | Noticed an Executioner
 10092 | Abyss:3  | Noticed a starcursed mass
 10098 | Abyss:3  | XOM: enchant monster (good)
 10102 | Abyss:3  | XOM: confuse monster(s)
 10108 | Abyss:3  | XOM: noise
 10113 | Abyss:3  | XOM: potion effect (heal wounds)
 10209 | Abyss:3  | Noticed a tentacled starspawn
 10219 | Abyss:3  | Killed a tentacled starspawn
 10226 | Abyss:3  | Noticed a starcursed mass
 10244 | Abyss:3  | Noticed a tentacled starspawn
 10246 | Abyss:3  | Killed a starcursed mass
 10247 | Abyss:3  | Killed a starcursed mass
 10256 | Abyss:3  | XOM: divination: magic mapping
 10266 | Abyss:3  | Killed a tentacled starspawn
 10267 | Abyss:3  | XOM: polymorph orange demon -> hellwing
 10276 | Orc:1    | Escaped the Abyss
 10284 | Orc:1    | Killed Erolcha
 10373 | Orc:1    | Noticed Nergalle
 10379 | Orc:1    | XOM: chaos upgrade
 10381 | Orc:1    | XOM: divine lightning
 10385 | Orc:1    | Killed Nergalle
 10437 | Orc:1    | XOM: enchant monster (bad)
 10480 | Orc:1    | XOM: give mutations
 10480 | Orc:1    | Gained mutation: Your muscles are very strong. (Str +4)
                  | [Xom's grace]
 10480 | Orc:1    | Gained mutation: You are covered in fur. (AC +1) [Xom's
                  | grace]
 10480 | Orc:1    | Lost mutation: You have large cloven feet. [Xom's grace]
 10480 | Orc:1    | Gained mutation: You have sharp toenails. [Xom's grace]
 10480 | Orc:1    | Gained mutation: Your flesh is very heat resistant. (rF++)
                  | [Xom's grace]
 10535 | Orc:1    | Noticed Erica
 10542 | Orc:1    | Killed Erica
 10549 | Orc:1    | XOM: polymorph orc warrior -> shapeshifter
 10550 | Orc:1    | XOM: swap monsters
 10610 | Orc:1    | Noticed Jorgrun
 10621 | Orc:1    | XOM: stat loss: -1 Int (13/14)
 10625 | Orc:1    | Killed Jorgrun
 10626 | Orc:1    | Reached skill level 10 in Spellcasting
 10697 | Orc:1    | XOM: noise
 10811 | Orc:2    | Entered Level 2 of the Orcish Mines
 10811 | Orc:2    | Found a staircase to the Elven Halls.
 10815 | Orc:2    | XOM: enchant monster (bad)
 10830 | Orc:2    | XOM: chaos upgrade
 10851 | Orc:2    | XOM: noise
 11026 | Orc:2    | Found Emebbueth's Jewellery Shoppe.
 11050 | Orc:2    | Bought the amulet of the Sun {rN+ Regen+ Int+6 SInv} for
                  | 1044 gold pieces
 11094 | Orc:2    | Found a radiant altar of Vehumet.
 11095 | Orc:2    | Noticed an ogre mage
 11095 | Orc:2    | Noticed an ogre mage
 11100 | Orc:2    | XOM: god gift: 15 gold pieces
 11106 | Orc:2    | Killed an ogre mage
 11113 | Orc:2    | XOM: potion effect (invisibility)
 11118 | Orc:2    | Paralysed by an orc sorcerer for 3 turns
 11130 | Orc:2    | Killed an ogre mage
 11138 | Orc:2    | Found Qoplyis's Antique Weapon Emporium.
 11192 | Orc:2    | Found an ancient bone altar of Kikubaaqudgha.
 11192 | Orc:2    | Paralysed by an orc sorcerer for 6 turns
 11193 | Orc:2    | XOM: potion effect (curing)
 11196 | Orc:2    | XOM: potion effect (curing)
 11217 | Orc:2    | Reached skill level 12 in Fighting
 11221 | Orc:2    | Paralysed by an orc sorcerer for 4 turns
 11229 | Orc:2    | Reached skill level 5 in Evocations
 11269 | Orc:2    | Found Xaackeodd's Magic Scroll Shoppe.
 11271 | Orc:2    | Paralysed by an orc sorcerer for 2 turns
 11284 | Orc:2    | Gained mutation: When low on magic, you restore magic in
                  | place of health. [demonic ancestry]
 11284 | Orc:2    | Reached XP level 13. HP: 90/108 MP: 27/27
 11313 | Orc:2    | Bought a scroll of enchant weapon for 105 gold pieces
 11313 | Orc:2    | Bought a scroll of fog for 28 gold pieces
 11313 | Orc:2    | Bought a scroll of immolation for 49 gold pieces
 11313 | Orc:2    | Bought a scroll of identify for 28 gold pieces
 11313 | Orc:2    | Bought a scroll of identify for 28 gold pieces
 11313 | Orc:2    | Bought a scroll of identify for 28 gold pieces
 11319 | Orc:2    | Found Etaos's Antique Weapon Emporium.
 11465 | Orc:2    | XOM: silly message
 11797 | D:13     | Cast into level 3 of the Abyss (a wizard)
 11797 | Abyss:3  | XOM: noise
 11820 | Abyss:3  | Noticed a tentacled starspawn
 11834 | Abyss:3  | Killed a tentacled starspawn
 11891 | Abyss:3  | XOM: cleaving
 11903 | Abyss:3  | Noticed a starcursed mass
 11921 | Abyss:3  | XOM: enchant monster (good)
 11936 | Abyss:3  | XOM: potion effect (berserk rage)
 11955 | Abyss:3  | XOM: divination: detect items
 12001 | Abyss:3  | Noticed a balrug
 12011 | Abyss:3  | XOM: divination: detect creatures
 12016 | Abyss:3  | Killed a balrug
 12020 | D:13     | Escaped the Abyss
 12024 | D:13     | XOM: summons friendly iron imp
 12044 | D:13     | XOM: potion effect (berserk rage)
 12066 | D:13     | XOM: confuse monster(s)
 12204 | D:13     | XOM: cloud trail
 12309 | D:13     | Found a gate to the Vaults.
 12418 | D:13     | Identified the +1 chain mail of Ymopn {Contam Rampage rElec
                  | rC+++ Str+6}
 12458 | D:13     | XOM: summons 8 friendly demons
 12461 | D:13     | XOM: swap monsters
 12462 | D:13     | Reached skill level 1 in Shields
 12466 | D:13     | XOM: confusion (+ monsters)
 12485 | D:13     | XOM: summons 12 friendly demons
 12491 | D:13     | XOM: noise
 12700 | D:13     | XOM: confuse monster(s)
 12754 | D:13     | XOM: silly message
 12772 | D:13     | XOM: scenery: create altars
 12914 | D:13     | XOM: 5-stop teleportation journey
 13273 | D:13     | XOM: give mutations
 13273 | D:13     | Lost mutation: Your muscles are very strong. (Str +4)
                  | [Xom's mischief]
 13273 | D:13     | Gained mutation: Your body sometimes deteriorates upon
                  | taking damage. [Xom's mischief]
 13273 | D:13     | Gained mutation: Armour fits poorly on your strangely
                  | shaped body. [Xom's mischief]
 13497 | Lair:1   | Entered Level 1 of the Lair of Beasts
 13745 | Lair:1   | Found a frozen archway.
 13751 | IceCv    | Entered an ice cave
 13925 | IceCv    | XOM: noise
 13942 | IceCv    | XOM: 1-stop teleportation journey
 13968 | IceCv    | XOM: noise
 13980 | IceCv    | XOM: blink monster(s)
 14036 | IceCv    | XOM: polymorph white imp -> ufetubus
 14152 | IceCv    | XOM: enchant monster (bad)
 14210 | IceCv    | Noticed a reaper
 14229 | IceCv    | XOM: 8-stop teleportation journey
 14492 | IceCv    | Killed a reaper
 14585 | IceCv    | Got the Tome of Confrontation and Enchantment
 14729 | Lair:1   | XOM: noise
 14744 | Lair:1   | XOM: confusion
 14748 | Lair:1   | XOM: destruction
 14779 | Lair:1   | XOM: give mutations
 14779 | Lair:1   | Gained mutation: You are strong-willed. (Will+) [Xom's
                  | grace]
 14779 | Lair:1   | Gained mutation: You are robust. (+10% HP) [Xom's grace]
 14779 | Lair:1   | Gained mutation: You are covered in thick fur. (AC +2)
                  | [Xom's grace]
 14779 | Lair:1   | Gained mutation: Your natural rate of healing is unusually
                  | fast. [Xom's grace]
 14905 | Lair:2   | Reached XP level 14. HP: 122/127 MP: 29/29
 15239 | Lair:2   | Reached skill level 13 in Fighting
 15242 | Lair:2   | Identified the +0 ring mail "Jeot" {rF+ SInv}
 15289 | Lair:2   | XOM: enchant monster (bad)
 15465 | Lair:2   | XOM: destruction
 15637 | Lair:2   | XOM: fog
 15647 | Lair:2   | XOM: stat loss: -1 Str (24/25)
 15650 | Lair:2   | XOM: draining
 15673 | Lair:2   | Noticed Gastronok
 15688 | Lair:2   | Killed Gastronok
 15728 | Lair:2   | XOM: confusion (+ monsters)
 15794 | Lair:2   | Identified the +9 flail "Dragonslayer" {vamp, rF+ rC+
                  | Int-4}
 15811 | Lair:2   | XOM: noise
 15822 | Lair:2   | Found a staircase to the Shoals.
 15995 | Lair:2   | XOM: give mutations
 15995 | Lair:2   | Lost mutation: Armour fits poorly on your strangely shaped
                  | body. [Xom's mischief]
 15995 | Lair:2   | Lost mutation: Your natural rate of healing is unusually
                  | fast. [Xom's mischief]
 16007 | Lair:2   | XOM: noise
 16123 | Lair:3   | XOM: summons 2 hostile shadow creatures
 16285 | Lair:3   | Identified the +6 long sword "Imibback" {spect, rPois}
 16331 | Lair:3   | Found a hole to the Spider Nest.
 16385 | Lair:3   | XOM: noise
 16401 | Lair:3   | XOM: 1-stop teleportation journey
 16549 | Lair:3   | XOM: destruction
 16553 | Lair:3   | Noticed Sonja
 16556 | Lair:3   | XOM: scenery: summon butterflies
 16560 | Lair:3   | Killed Sonja
 16561 | Lair:3   | Reached skill level 5 in Shields
 16666 | Lair:3   | XOM: polymorph smoke demon -> neqoxec
 16685 | Lair:3   | XOM: silly message
 16876 | Lair:3   | XOM: 1-stop teleportation journey
 16959 | Lair:3   | Found the +3 pair of seven-league boots {Rampage+∞}
 16994 | Lair:3   | XOM: god gift: silver wand {god gift}
 17002 | Lair:3   | XOM: silly message
 17355 | Lair:4   | XOM: summons friendly iron imp
 17460 | Lair:4   | XOM: silly message
 17471 | Lair:4   | XOM: cast spell 'Metabolic Englaciation'
 17609 | Lair:4   | XOM: 3-stop teleportation journey
 17610 | Lair:4   | Gained mutation: Your touch may inflict irresistible damage
                  | on your foes. [demonic ancestry]
 17610 | Lair:4   | Reached XP level 15. HP: 137/137 MP: 31/31
 17635 | Lair:4   | XOM: silly message
 17694 | Lair:4   | XOM: 2-stop teleportation journey
 17788 | Lair:4   | XOM: summons 1 hostile demon
 17902 | Lair:4   | XOM: noise
 18143 | Lair:4   | XOM: summons 3 hostile shadow creatures
 18254 | Lair:5   | Reached skill level 14 in Fighting
 18404 | Lair:5   | Found a viscous altar of Jiyva.
 18405 | Lair:5   | Found a staircase to the Slime Pits.
 18405 | Lair:5   | You fall into a shaft and drop 1 floor!
 18405 | Lair:6   | Entered Level 6 of the Lair of Beasts
 18408 | Lair:6   | XOM: fog
 18415 | Lair:6   | XOM: divine lightning
 18423 | Lair:6   | XOM: cast spell 'Discord'
 18424 | Lair:6   | XOM: god gift: scimitar {god gift}
 18425 | Lair:6   | XOM: potion effect (heal wounds)
 18529 | Lair:6   | XOM: polymorph wolf -> boggart
 18555 | Lair:6   | XOM: noise
 18592 | Lair:6   | XOM: destruction
 18606 | Lair:6   | Gained mutation: You are completely covered in large bone
                  | plates. (SH +8) [demonic ancestry]
 18606 | Lair:6   | Reached XP level 16. HP: 74/146 MP: 24/32
 18609 | Lair:6   | XOM: god gift: 3 boomerangs of dispersal
 18648 | Lair:6   | XOM: enchant monster (good)
 18660 | Lair:6   | XOM: potion effect (might)
 18717 | Lair:6   | XOM: scenery: summon butterflies
 18720 | Lair:6   | XOM: fog
 18735 | Lair:6   | XOM: blink monster(s)
 18901 | Lair:6   | XOM: scenery: create altars
 18903 | Lair:6   | XOM: destruction
 18955 | Lair:6   | XOM: give mutations
 18955 | Lair:6   | Gained mutation: Your muscles are very strong. (Str +4)
                  | [Xom's grace]
 18955 | Lair:6   | Gained mutation: You are very robust. (+20% HP) [Xom's
                  | grace]
 19148 | Lair:6   | XOM: potion effect (invisibility)
 19283 | Lair:6   | XOM: cleaving
 19739 | Lair:6   | XOM: blink monster(s)
 19984 | Spider:1 | Entered Level 1 of the Spider Nest
 19990 | Spider:1 | XOM: summons friendly crimson imp
 20025 | Spider:1 | XOM: chaos upgrade
 20026 | Spider:1 | XOM: fake destruction
 20028 | Spider:1 | Reached skill level 10 in Evocations
 20033 | Spider:1 | Noticed Asterion
 20108 | Spider:1 | Killed Asterion
 20108 | Spider:1 | Noticed Mlioglotl
 20116 | Spider:1 | XOM: fog
 20139 | Lair:3   | Killed Mlioglotl
 20328 | Spider:1 | XOM: polymorph demonic crawler -> efreet
 20405 | Spider:1 | XOM: fog
 20517 | Spider:1 | XOM: divination: detect creatures
 20693 | Spider:1 | XOM: 3-stop teleportation journey
 20720 | Spider:1 | XOM: cast spell 'Olgreb's Toxic Radiance'
 20743 | Spider:1 | XOM: god gift: leather armour {god gift}
 20813 | Spider:1 | XOM: noise
 21091 | Spider:2 | XOM: polymorph orb spider -> manticore
 21102 | Spider:2 | XOM: polymorph culicivora -> harpy
 21347 | Spider:2 | XOM: cast spell 'Summon Dragon'
 21349 | Spider:2 | XOM: smoke on damage
 21568 | Spider:1 | XOM: give mutation
 21568 | Spider:1 | Lost mutation: You are covered in thick fur. (AC +2) [Xom's
                  | mischief]
 21805 | Spider:2 | XOM: potion effect (haste)
 21819 | Spider:2 | XOM: cast spell 'Olgreb's Toxic Radiance'
 21822 | Spider:2 | Reached skill level 15 in Fighting
 21872 | Spider:2 | XOM: noise
 21974 | Spider:2 | XOM: 1-stop teleportation journey
 21976 | Spider:2 | XOM: potion effect (might)
 22156 | Spider:2 | XOM: summons 1 hostile demon
 22454 | Spider:2 | Gained mutation: Your touch may irresistibly damage your
                  | foes and sap their willpower. [demonic ancestry]
 22454 | Spider:2 | Reached XP level 17. HP: 166/170 MP: 34/34
 22627 | Spider:3 | XOM: polymorph culicivora -> moth of wrath
 22628 | Spider:3 | XOM: summons 9 hostile demons
 22974 | Spider:3 | XOM: give mutation
 22974 | Spider:3 | Lost mutation: You are strong-willed. (Will+) [Xom's
                  | mischief]
 23188 | Spider:3 | Noticed Arachne
 23188 | Spider:3 | XOM: 1-stop teleportation journey
 23256 | Spider:2 | XOM: summons 2 hostile shadow creatures
 23337 | Spider:3 | XOM: enchant monster (good)
 23357 | Spider:3 | XOM: enchant monster (bad)
 23364 | Spider:3 | Killed Arachne
 23380 | Spider:3 | XOM: destruction
 23500 | Spider:3 | XOM: polymorph soul eater -> sun demon
 23570 | Spider:3 | XOM: give mutations
 23570 | Spider:3 | Lost mutation: Your system is resistant to poisons. (rPois)
                  | [Xom's mischief]
 23570 | Spider:3 | Lost mutation: Your muscles are very strong. (Str +4)
                  | [Xom's mischief]
 23613 | Spider:3 | Found a runed translucent door.
 23623 | Spider:3 | XOM: confusion
 23947 | Spider:3 | Got the Disquisition on Flight and Malediction
 23989 | Spider:3 | XOM: polymorph entropy weaver -> satyr
 24013 | Spider:3 | XOM: polymorph satyr -> wolf spider
 24017 | Spider:3 | XOM: give mutations
 24017 | Spider:3 | Gained mutation: You are extremely robust. (+30% HP) [Xom's
                  | grace]
 24017 | Spider:3 | Gained mutation: You expend magic power (3 MP) to
                  | strengthen your wands. [Xom's grace]
 24017 | Spider:3 | Gained mutation: You have hidden genetic potential. [Xom's
                  | grace]
 24017 | Spider:3 | Gained mutation: Your spells are harder to cast, but more
                  | powerful. [Xom's grace]
 24209 | Spider:3 | XOM: god gift: 13 stones
 24224 | Spider:3 | XOM: enchant monster (good)
 24238 | Spider:3 | XOM: divination: magic mapping
 24250 | Spider:3 | XOM: potion effect (invisibility)
 24317 | Spider:4 | Entered Level 4 of the Spider Nest
 24560 | Spider:4 | XOM: potion effect (invisibility)
 24797 | D:10     | XOM: silly message
 24865 | Elf:1    | Entered Level 1 of the Elven Halls
 24878 | Elf:1    | XOM: confuse monster(s)
 24879 | Elf:1    | XOM: potion effect (invisibility)
 24886 | Elf:1    | XOM: silly message
 24986 | Elf:1    | Got Asmodeus's Tome of Calling
 25103 | Elf:1    | Found Irpheank's Antique Weapon Boutique.
 25105 | Elf:1    | Found Cefuih's Antique Weapon Shop.
 25107 | Elf:1    | Found Domin's Book Boutique.
 25136 | Elf:1    | Bought a glowing broad axe for 189 gold pieces
 25155 | Elf:1    | Found Kesmy's Jewellery Shoppe.
 25176 | Elf:1    | Bought the ring "Rowaunob" {+Blink rPois rC+ Will+ Int-3}
                  | for 644 gold pieces
 25277 | Elf:1    | XOM: potion effect (invisibility)
 25467 | Elf:1    | Found an ancient bone altar of Kikubaaqudgha.
 25631 | Elf:1    | Found a runed translucent door.
 25827 | Elf:2    | Found a flickering gateway to a bazaar.
 25840 | Bazaar   | Entered a bazaar
 25854 | Bazaar   | Found Qipnoidy's Book Emporium.
 25854 | Bazaar   | Found Opsujuc's Assorted Antiques.
 25876 | Bazaar   | Found Kethruan's Assorted Antiques.
 25881 | Bazaar   | Bought a faintly glowing broad axe for 216 gold pieces
 25881 | Bazaar   | Identified the +2 broad axe "Tugituh" {freeze, rElec rF-
                  | rN+++ Dex+7} (You bought it in a shop in a bazaar)
 25881 | Bazaar   | Bought a pitted golden amulet for 120 gold pieces
 25881 | Bazaar   | Identified the amulet "Xiqokloh" {Spirit rC+ Regen+} (You
                  | bought it in a shop in a bazaar)
 25894 | Bazaar   | Found Afrog's Antique Armour Emporium.
 25894 | Bazaar   | Found Kini's General Store.
 25916 | Bazaar   | Found Jarew's Antique Weapon Emporium.
 25916 | Bazaar   | Found Weixedghaur's Weapon Shoppe.
 25983 | Bazaar   | Bought 2 potions of heal wounds for 240 gold pieces
 25983 | Bazaar   | Bought a scroll of enchant weapon for 180 gold pieces
 25997 | Bazaar   | Bought a scroll of fog for 36 gold pieces
 25997 | Bazaar   | Bought a scroll of teleportation for 54 gold pieces
 25997 | Bazaar   | Bought a wand of paralysis (7) for 36 gold pieces
 25997 | Bazaar   | Bought a wand of charming (4) for 36 gold pieces
 26108 | Elf:2    | XOM: confuse monster(s)
 26140 | Elf:2    | XOM: god gift: wand of acid (5)
 26148 | Elf:2    | Noticed Aizul
 26151 | Elf:2    | Paralysed by an air elemental for 1 turns
 26158 | Elf:2    | Killed Aizul
 26247 | Elf:2    | Paralysed by an air elemental for 1 turns
 26260 | Elf:2    | XOM: summons 10 friendly demons
 26271 | Elf:2    | XOM: summons 3 friendly demons
 26406 | Elf:2    | XOM: chaos upgrade
 26407 | Elf:2    | XOM: noise
 26414 | Elf:2    | Reached skill level 16 in Fighting
 26637 | Elf:2    | Found a runed translucent gate.
 26637 | Elf:2    | Found a runed translucent gate.
 26637 | Elf:2    | Found a runed translucent gate.
 26794 | Elf:2    | XOM: torment (117/187 hp)
 26795 | Elf:2    | XOM: summons 4 hostile shadow creatures
 27042 | Elf:2    | XOM: swap monsters
 27049 | Elf:2    | XOM: fake destruction
 27050 | Elf:2    | Reached XP level 18. HP: 175/196 MP: 33/36
 27052 | Elf:2    | Reached skill level 10 in Shields
 27060 | Elf:2    | XOM: summons friendly shadow imp
 27581 | Elf:2    | XOM: cast spell 'Summon Mana Viper'
 27836 | Elf:3    | Entered Level 3 of the Elven Halls
 27874 | Elf:3    | XOM: summons friendly crimson imp
 27887 | Elf:3    | XOM: divination: detect creatures
 27892 | Elf:3    | XOM: summons friendly iron imp
 27929 | Elf:3    | Paralysed by an air elemental for 1 turns
 27957 | Elf:3    | Paralysed by an air elemental for 1 turns
 27961 | Elf:3    | Paralysed by an air elemental for 1 turns
 27969 | Elf:3    | Gained mutation: You have a pair of small horns on your
                  | head. [hidden potential]
 28002 | Elf:3    | Got the Compendium of Ignition
 28142 | Elf:3    | XOM: cast spell 'Summon Mana Viper'
 28158 | Elf:3    | XOM: divination: magic mapping
 28372 | Elf:2    | Found an ancient bone altar of Kikubaaqudgha.
 28526 | Elf:3    | XOM: cast spell 'Statue Form'
 28528 | Elf:3    | XOM: summons 6 friendly demons
 28531 | Elf:3    | XOM: confuse monster(s)
 28533 | Elf:3    | Noticed a Brimstone Fiend
 28537 | Elf:3    | XOM: cast spell 'Summon Cactus Giant'
 28542 | Elf:3    | Reached skill level 15 in Armour
 28755 | Elf:3    | Noticed a Tzitzimitl
 28756 | Elf:3    | Noticed a Brimstone Fiend
 28756 | Elf:3    | XOM: potion effect (berserk rage)
 28880 | Elf:3    | XOM: potion effect (experience)
 28880 | Elf:3    | Reached skill level 15 in Spellcasting
 28880 | Elf:3    | Gained mutation: Your hexes are more powerful. [demonic
                  | ancestry]
 28880 | Elf:3    | Reached XP level 19. HP: 206/206 MP: 36/38
 28912 | Elf:3    | XOM: silly message
 29024 | Elf:3    | Identified the +0 leather armour "Qimuf" {rElec Str+5
                  | Dex-4}
 29025 | Elf:3    | Identified the +8 morningstar "Ruutoc" {venom, rC++}
 29030 | Elf:3    | Identified the +1 leather armour of Twilight {*Corrode rN++
                  | SInv}
 29042 | Elf:3    | XOM: 4-stop teleportation journey
 29156 | Elf:3    | Identified the +7 plate armour of Chill Winds {rElec rCorr
                  | Stlth+}
 29176 | Elf:3    | Lost mutation: Your flesh is very heat resistant. (rF++)
                  | [mutagenic glow]
 29200 | Elf:3    | Identified the +0 kite shield "Fidweos" {Rampage rPois
                  | rCorr Str-2}
 29215 | Elf:3    | Got Ifadgh's Tome of Spatial Calling
 29261 | Elf:3    | Identified the ring "Nymed" {rElec Will+ Str-3 Slay+5}
 29271 | Elf:3    | Identified the ring of Unimuism {rF+ Will+ Str-4 Slay+3}
 29430 | Elf:3    | Identified the +3 chain mail of the Constellations {rF- rC+
                  | rCorr Str+3}
 29566 | D:11     | XOM: give mutation
 29566 | D:11     | Lost mutation: Your flesh is cold resistant. (rC+) [Xom's
                  | mischief]
 29720 | Spider:3 | XOM: silly message
 29835 | Spider:4 | XOM: divine lightning
 29838 | Spider:4 | Reached skill level 17 in Fighting
 29939 | Spider:4 | Identified Roxanne's Almanac of Stones
 29939 | Spider:4 | Noticed Roxanne
 29964 | Spider:4 | XOM: smoke on damage
 29966 | Spider:4 | XOM: fog
 30022 | Spider:4 | XOM: fog
 30044 | Spider:4 | XOM: cleaving
 30047 | Spider:4 | XOM: divine lightning
 30049 | Spider:4 | XOM: summons 7 friendly demons
 30101 | Spider:4 | HP: 2/209 [disintegration (44)]
 30118 | Spider:4 | XOM: summons 2 friendly demons
 30307 | Spider:4 | Gained mutation: Your melee attacks may debilitate your
                  | foes. [demonic ancestry]
 30307 | Spider:4 | Reached XP level 20. HP: 211/218 MP: 39/39
 30445 | Spider:4 | XOM: divination: detect creatures
 30482 | Spider:4 | XOM: noise
 30509 | Spider:4 | XOM: enchant monster (bad)
 30551 | Spider:4 | XOM: polymorph ghost moth -> quicksilver ooze
 30821 | Spider:4 | XOM: fog
 30873 | Spider:4 | XOM: 9-stop teleportation journey
 30981 | Spider:4 | Got a gossamer rune of Zot
 31106 | Spider:4 | Killed Roxanne
 31116 | Spider:4 | Learned a level 6 spell: Statue Form
 31118 | Spider:4 | Gained mutation: Your muscles are very strong. (Str +4)
                  | [hidden potential]
 31118 | Spider:4 | Lost mutation: You have hidden genetic potential. [hidden
                  | potential expressed]
 31153 | Spider:4 | XOM: give mutations
 31153 | Spider:4 | Lost mutation: Your body sometimes deteriorates upon taking
                  | damage. [Xom's mischief]
 31153 | Spider:4 | Gained mutation: Your spells are much harder to cast, but
                  | much more powerful. [Xom's mischief]
 31153 | Spider:4 | Lost mutation: You have a pair of small horns on your head.
                  | [Xom's mischief]
 31227 | Shoals:1 | Entered Level 1 of the Shoals
 31526 | Shoals:1 | XOM: destruction
 31547 | Shoals:1 | Reached skill level 1 in Transmutations
 31651 | Shoals:1 | XOM: scenery: summon butterflies
 31687 | Shoals:1 | Reached skill level 1 in Earth Magic
 31691 | Shoals:1 | XOM: smoke on damage
 31824 | Shoals:1 | Found a hide-covered altar of Uskayaw.
 31835 | Shoals:1 | XOM: silly message
 31852 | Shoals:1 | Identified the +2 longbow of Bellicose Purpose {flame,
                  | Dex+3 SInv}
 31888 | Shoals:1 | XOM: scenery: summon butterflies
 32084 | Shoals:1 | XOM: 1-stop teleportation journey
 32197 | Shoals:2 | XOM: silly message
 32200 | Shoals:2 | XOM: silly message
 32239 | Shoals:2 | XOM: 1-stop teleportation journey
 32241 | Shoals:2 | XOM: divination: detect items
 32279 | Shoals:2 | XOM: polymorph merfolk javelineer -> tyrant leech
 32420 | Shoals:2 | XOM: 1-stop teleportation journey
 32428 | Shoals:2 | Acquired 1044 gold pieces
 32446 | Shoals:2 | Found Qatostruen's Jewellery Shoppe.
 32504 | Shoals:2 | XOM: summons friendly orange demon
 32613 | Shoals:2 | XOM: cloud trail
 32677 | Shoals:2 | XOM: god gift: 577 gold pieces
 33025 | Shoals:3 | Found Ycisog's Distillery.
 33045 | Shoals:3 | XOM: snakes to sticks
 33060 | Shoals:3 | XOM: fake destruction
 33081 | Shoals:3 | XOM: enchant monster (good)
 33205 | Shoals:3 | Found a flickering gateway to a bazaar.
 33214 | Bazaar   | Entered a bazaar
 33216 | Bazaar   | Found Moefojiw's Book Boutique.
 33220 | Bazaar   | Found Luihuat's Weapon Boutique.
 33220 | Bazaar   | Found Gakeqac's General Store.
 33221 | Bazaar   | Found Qogippa's Magic Scroll Boutique.
 33226 | Bazaar   | Bought a scroll of enchant armour for 135 gold pieces
 33226 | Bazaar   | Bought a scroll of immolation for 63 gold pieces
 33236 | Bazaar   | Bought a potion of might for 44 gold pieces
 33236 | Bazaar   | Bought 4 curare-tipped darts for 26 gold pieces
 33279 | Shoals:3 | XOM: summons friendly crimson imp
 33283 | Shoals:3 | XOM: confuse monster(s)
 33448 | Shoals:3 | Bought a potion of curing for 48 gold pieces
 33448 | Shoals:3 | Bought a potion of curing for 48 gold pieces
 33448 | Shoals:3 | Bought 2 potions of flight for 96 gold pieces
 33448 | Shoals:3 | Bought a potion of attraction for 48 gold pieces
 33448 | Shoals:3 | Bought a potion of berserk rage for 80 gold pieces
 33448 | Shoals:3 | Bought a potion of attraction for 48 gold pieces
 33458 | Shoals:3 | Found Guph's Armour Shop.
 33502 | Shoals:3 | XOM: cleaving
 33513 | Shoals:3 | XOM: polymorph merfolk impaler -> glowing shapeshifter
 33624 | Shoals:3 | XOM: 1-stop teleportation journey
 33783 | Shoals:3 | XOM: draining
 34010 | Shoals:4 | Entered Level 4 of the Shoals
 34334 | Shoals:4 | XOM: polymorph merfolk -> anaconda
 34337 | Shoals:4 | XOM: blink monster(s)
 34478 | Shoals:4 | Identified the +5 morningstar of Thoughtfulness {vorpal,
                  | *Slow Fly Will++ Int+2 SInv}
 34527 | Shoals:4 | XOM: 2-stop teleportation journey
 34652 | Shoals:4 | XOM: 5-stop teleportation journey
 34677 | Shoals:4 | XOM: chaos cloud
 35180 | Shoals:4 | XOM: draining
 35194 | Shoals:4 | XOM: confusion
 35686 | Shoals:4 | Got a barnacled rune of Zot
 35990 | D:13     | XOM: summons 3 hostile shadow creatures
 36008 | D:13     | XOM: god gift: book of Rime
 36017 | D:13     | Learned a level 3 spell: Frozen Ramparts
 36023 | D:13     | Learned a level 5 spell: Irradiate
 36247 | Vaults:1 | Entered Level 1 of the Vaults
 36502 | Vaults:1 | XOM: silly message
 36509 | Vaults:1 | Gained mutation: You are surrounded by an aura of silence.
                  | [demonic ancestry]
 36509 | Vaults:1 | Reached XP level 21. HP: 198/224 MP: 37/40
 36599 | Vaults:1 | XOM: enchant monster (bad)
 36675 | Vaults:1 | XOM: silly message
 36881 | Vaults:1 | Found Kuduck's Magic Scroll Shoppe.
 36961 | Vaults:1 | Bought a scroll of enchant weapon for 105 gold pieces
 36961 | Vaults:1 | Bought a scroll of blinking for 105 gold pieces
 36961 | Vaults:1 | Bought a scroll of enchant weapon for 105 gold pieces
 36961 | Vaults:1 | Bought a scroll of teleportation for 42 gold pieces
 36961 | Vaults:1 | Bought a scroll of magic mapping for 49 gold pieces
 36961 | Vaults:1 | Bought a scroll of fear for 49 gold pieces
 36961 | Vaults:1 | Bought a scroll of silence for 105 gold pieces
 37011 | Vaults:1 | XOM: polymorph white ugly thing -> brown ugly thing
 37054 | Vaults:1 | XOM: noise
 37094 | Vaults:1 | XOM: polymorph centaur warrior -> slime creature
 37130 | Vaults:1 | Found a portal to a secret trove of treasure.
 37234 | Vaults:1 | XOM: chaos cloud
 37235 | Vaults:1 | Reached skill level 5 in Transmutations
 37237 | Vaults:1 | Reached skill level 18 in Fighting
 37460 | Vaults:1 | XOM: polymorph dire elephant -> frost giant
 37607 | Vaults:1 | XOM: summons 11 hostile demons
 38065 | Vaults:1 | XOM: cast spell 'Call Canine Familiar'
 38082 | Vaults:1 | Reached skill level 5 in Earth Magic
 38135 | Vaults:1 | Identified the +1 long sword of Fortitude {antimagic,
                  | Dex+8}
 38213 | Vaults:2 | XOM: silly message
 38453 | Vaults:2 | Found a staircase to the Crypt.
 38540 | Vaults:2 | Identified the +8 hand axe "Dragon's Funeral" {holy, Fly
                  | rElec Str-2 Dex+4}
 38613 | Vaults:2 | XOM: 1-stop teleportation journey
 38641 | Vaults:2 | XOM: enchant monster (bad)
 38710 | Vaults:2 | XOM: enchant monster (good)
 38732 | Vaults:2 | XOM: fog
 38752 | Vaults:2 | XOM: 1-stop teleportation journey
 38758 | Vaults:2 | XOM: polymorph necromancer -> moth of wrath
 38759 | Vaults:2 | Reached skill level 15 in Evocations
 38857 | Vaults:2 | XOM: confusion
 38878 | Vaults:2 | Cast into level 2 of the Abyss (vault guard)
 39124 | Abyss:3  | XOM: confusion (+ monsters)
 39173 | Abyss:3  | Paralysed by accursed screaming for 2 turns
 39175 | Abyss:3  | XOM: polymorph ynoxinul -> smoke demon
 39183 | Abyss:3  | XOM: chaos cloud
 39209 | Abyss:3  | XOM: draining
 39217 | Vaults:2 | Escaped the Abyss
 39256 | Vaults:2 | XOM: noise
 39506 | Vaults:2 | XOM: draining
 39671 | Vaults:2 | Noticed Bai Suzhen
 39677 | Vaults:2 | XOM: divination: detect items
 39713 | Vaults:2 | Killed Bai Suzhen
 39822 | Vaults:2 | XOM: repel stairs
 39979 | Vaults:2 | XOM: chaos upgrade
 39982 | Vaults:2 | Cast into level 2 of the Abyss (vault sentinel)
 40040 | Abyss:2  | XOM: summons 1 hostile demon
 40136 | Abyss:2  | XOM: give mutations
 40136 | Abyss:2  | Lost mutation: You expend magic power (3 MP) to strengthen
                  | your wands. [Xom's mischief]
 40136 | Abyss:2  | Lost mutation: Your flesh is heat resistant. (rF+) [Xom's
                  | mischief]
 40136 | Abyss:2  | Gained mutation: You sometimes lose the ability to read
                  | scrolls when taking damage. [Xom's mischief]
 40136 | Abyss:2  | Gained mutation: You possess an exceptional clarity of
                  | mind. [Xom's mischief]
 40469 | Vaults:2 | Escaped the Abyss
 40590 | Vaults:2 | XOM: draining
 40602 | Vaults:2 | XOM: polymorph great orb of eyes -> entropy weaver
 40757 | Vaults:2 | XOM: silly message
 40899 | Vaults:2 | XOM: give mutation
 40899 | Vaults:2 | Lost mutation: You possess an exceptional clarity of mind.
                  | [Xom's mischief]
 40927 | Vaults:3 | XOM: swap monsters
 40930 | Vaults:3 | XOM: summons 2 hostile demons
 41152 | Vaults:3 | XOM: summons friendly crimson imp
 41180 | Vaults:3 | XOM: scenery: 2 doors open, 1 doors close
 41221 | Vaults:3 | Lost mutation: You sometimes lose the ability to read
                  | scrolls when taking damage. [potion of mutation]
 41221 | Vaults:3 | Lost mutation: You are covered in fur. (AC +1) [potion of
                  | mutation]
 41221 | Vaults:3 | Lost mutation: You have sharp toenails. [potion of
                  | mutation]
 41221 | Vaults:3 | Gained mutation: Your flesh is heat resistant. (rF+)
                  | [potion of mutation]
 41221 | Vaults:3 | Lost mutation: Your spells are much harder to cast, but
                  | much more powerful. [potion of mutation]
 41312 | Vaults:3 | Found a runed translucent gate.
 41312 | Vaults:3 | Found a runed translucent gate.
 41313 | Vaults:3 | Found a runed translucent gate.
 41728 | Vaults:3 | Found Fawa's Assorted Antiques.
 41737 | Vaults:3 | Bought a wand of iceblast (5) for 80 gold pieces
 41750 | Vaults:3 | XOM: god gift: 4 arrows
 41751 | Vaults:3 | XOM: 5-stop teleportation journey
 41772 | Vaults:3 | XOM: scenery: 2 doors close
 41810 | Vaults:3 | XOM: enchant monster (good)
 41967 | Vaults:3 | XOM: enchant monster (good)
 41974 | Vaults:3 | Reached XP level 22. HP: 240/240 MP: 42/42
 42000 | Vaults:3 | XOM: confusion (+ monsters)
 42084 | Vaults:3 | XOM: 3-stop teleportation journey
 42201 | Vaults:3 | Found a runed translucent gate.
 42201 | Vaults:3 | Found a runed translucent gate.
 42206 | Vaults:3 | Found a runed translucent gate.
 42206 | Vaults:3 | Noticed handsome's ghost (veteran OpWn)
 42238 | Vaults:3 | Lost mutation: Your muscles are very strong. (Str +4) [a
                  | cacodemon]
 42241 | Vaults:3 | XOM: confuse monster(s)
 42245 | Vaults:3 | Gained mutation: You sometimes lose the ability to read
                  | scrolls when taking damage. [a cacodemon]
 42251 | Vaults:3 | XOM: destruction
 42337 | Vaults:3 | XOM: confuse monster(s)
 42339 | Vaults:3 | XOM: potion effect (curing)
 42397 | Vaults:3 | Killed handsome's ghost
 42400 | Vaults:3 | Identified the +1 pair of gloves "Xusarr" {Drain Fly Int+7}
 42413 | Vaults:3 | Lost mutation: You are extremely robust. (+30% HP)
                  | [mutagenic glow]
 42504 | Vaults:4 | Noticed Xtahua
 42517 | Vaults:4 | Killed Xtahua
 42566 | Vaults:4 | XOM: god gift: scroll of blinking
 42588 | Vaults:4 | Noticed Mara
 42592 | Vaults:4 | XOM: swap monsters
 42593 | Vaults:4 | Noticed P0WERM0DE's illusion
 42631 | Vaults:4 | XOM: cleaving
 42647 | Vaults:4 | XOM: summons 13 friendly demons
 42650 | Vaults:4 | Killed Mara
 42870 | Vaults:4 | Noticed Mennas
 42900 | Vaults:4 | Killed Mennas
 43009 | Vaults:4 | XOM: give mutations
 43009 | Vaults:4 | Lost mutation: You are very robust. (+20% HP) [Xom's
                  | mischief]
 43009 | Vaults:4 | Gained mutation: Your body sometimes deteriorates upon
                  | taking damage. [Xom's mischief]
 43009 | Vaults:4 | Gained mutation: You have large cloven feet. [Xom's
                  | mischief]
 43063 | Vaults:4 | Lost mutation: Your flesh is heat resistant. (rF+) [potion
                  | of mutation]
 43063 | Vaults:4 | Lost mutation: You have large cloven feet. [potion of
                  | mutation]
 43063 | Vaults:4 | Lost mutation: You have supernaturally acute eyesight.
                  | (SInv) [potion of mutation]
 43063 | Vaults:4 | Gained mutation: You have hidden genetic potential. [potion
                  | of mutation]
 43063 | Vaults:4 | Gained mutation: Your magical capacity is low. (-10% MP)
                  | [potion of mutation]
 43063 | Vaults:4 | Gained mutation: Your movements are slightly less
                  | encumbered by armour. (ER -2) [potion of mutation]
 43063 | Vaults:4 | Gained mutation: Your muscles are very strong. (Str +4)
                  | [potion of mutation]
 43064 | Vaults:4 | Lost mutation: You have hidden genetic potential. [potion
                  | of mutation]
 43064 | Vaults:4 | Lost mutation: Your spells are harder to cast, but more
                  | powerful. [potion of mutation]
 43064 | Vaults:4 | Lost mutation: Your body sometimes deteriorates upon taking
                  | damage. [potion of mutation]
 43064 | Vaults:4 | Gained mutation: You have a somewhat thin skeletal
                  | structure. (Dex +2, Stealth+) [potion of mutation]
 43065 | Vaults:4 | Lost mutation: You sometimes lose the ability to read
                  | scrolls when taking damage. [potion of mutation]
 43065 | Vaults:4 | Lost mutation: Your muscles are very strong. (Str +4)
                  | [potion of mutation]
 43065 | Vaults:4 | Lost mutation: Your magical capacity is low. (-10% MP)
                  | [potion of mutation]
 43111 | Vaults:4 | XOM: scenery: 1 doors close
 43166 | Vaults:4 | XOM: cast spell 'Necromutation'
 43170 | Vaults:4 | XOM: potion effect (heal wounds)
 43171 | Vaults:4 | XOM: summons friendly iron imp
 43172 | Vaults:4 | XOM: god gift: 3 silver javelins
 43173 | Vaults:4 | XOM: destruction
 43199 | Vaults:4 | XOM: fog
 43352 | Vaults:4 | XOM: torment (79/204 hp)
 43357 | Vaults:4 | Found a huge runed gate.
 43357 | Vaults:4 | Found a huge runed gate.
 43357 | Vaults:4 | Found a huge runed gate.
 43357 | Vaults:4 | Found a huge runed gate.
 43357 | Vaults:4 | Found a huge runed gate.
 43357 | Vaults:4 | Found a huge runed gate.
 43357 | Vaults:4 | Found a huge runed gate.
 43357 | Vaults:4 | Found a huge runed gate.
 43357 | Vaults:4 | Found a huge runed gate.
 43357 | Vaults:4 | Found a huge runed gate.
 43357 | Vaults:4 | XOM: 4-stop teleportation journey
 43553 | Vaults:4 | XOM: noise
 43576 | Vaults:4 | XOM: divination: magic mapping
 43580 | Vaults:4 | XOM: confuse monster(s)
 43626 | Vaults:4 | Identified the +4 chain mail of Wasted Space {Harm Int+4}
 43659 | Vaults:4 | XOM: summons friendly shadow imp
 43686 | Vaults:4 | Reached skill level 19 in Fighting
 43832 | Vaults:4 | XOM: enchant monster (bad)
 43933 | Vaults:4 | XOM: blink monster(s)
 43938 | Vaults:4 | XOM: noise
 44033 | Vaults:4 | XOM: 4-stop teleportation journey
 44044 | Vaults:4 | XOM: confuse monster(s)
 44443 | Vaults:4 | Found a huge runed gate.
 44443 | Vaults:4 | Found a huge runed gate.
 44445 | Vaults:4 | Found a huge runed gate.
 44446 | Vaults:4 | Found a huge runed gate.
 44447 | Vaults:4 | Found a huge runed gate.
 44447 | Vaults:4 | Found a huge runed gate.
 44447 | Vaults:4 | Found a huge runed gate.
 44447 | Vaults:4 | Found a huge runed gate.
 44447 | Vaults:4 | Found a huge runed gate.
 44447 | Vaults:4 | Found a huge runed gate.
 44452 | Vaults:4 | Found a huge runed gate.
 44452 | Vaults:4 | Found a huge runed gate.
 44452 | Vaults:4 | Found a huge runed gate.
 44452 | Vaults:4 | Found a huge runed gate.
 44452 | Vaults:4 | Found a huge runed gate.
 44452 | Vaults:4 | Found a huge runed gate.
 44453 | Vaults:4 | Found a huge runed gate.
 44454 | Vaults:4 | Found a huge runed gate.
 44470 | Vaults:4 | Found a huge runed gate.
 44470 | Vaults:4 | Found a huge runed gate.
 44470 | Vaults:4 | Found a huge runed gate.
 44470 | Vaults:4 | Found a huge runed gate.
 44470 | Vaults:4 | Found a huge runed gate.
 44471 | Vaults:4 | Found a huge runed gate.
 44472 | Vaults:4 | Found a huge runed gate.
 44473 | Vaults:4 | Found a huge runed gate.
 44513 | Vaults:4 | XOM: cleaving
 44595 | Vaults:4 | XOM: give mutations
 44595 | Vaults:4 | Gained mutation: Your system is resistant to poisons.
                  | (rPois) [Xom's grace]
 44595 | Vaults:4 | Gained mutation: You are somewhat resistant to further
                  | mutation. [Xom's grace]
 44595 | Vaults:4 | Gained mutation: You have an increased reservoir of magic.
                  | (+10% MP) [Xom's grace]
 44595 | Vaults:4 | Gained mutation: You are somewhat resistant to both further
                  | mutation and mutation removal. [Xom's grace]
 44604 | Vaults:4 | XOM: cloud trail
 44720 | Vaults:4 | XOM: enchant monster (good)
 44823 | Vaults:4 | Noticed Boris
 44823 | Vaults:4 | XOM: fog
 44836 | Vaults:4 | Killed Boris
 44948 | Vaults:5 | Entered Level 5 of the Vaults
 44948 | Vaults:5 | Noticed Saint Roka
 44964 | Vaults:4 | XOM: god gift: 2 potions of brilliance
 45045 | Vaults:2 | XOM: scenery: 4 doors close
 45054 | Vaults:2 | XOM: summons 3 hostile shadow creatures
 45181 | D:14     | Noticed Snorg
 45192 | D:14     | Killed Snorg
 45221 | D:14     | Noticed Azrael
 45231 | D:14     | Reached skill level 10 in Dodging
 45231 | D:14     | Noticed Azrael
 45231 | D:14     | Azrael changed into Azrael the demonic crawler
 45231 | D:14     | XOM: polymorph Azrael -> Azrael the demonic crawler
 45236 | D:14     | Killed Azrael the demonic crawler
 45237 | D:14     | XOM: confusion (+ monsters)
 45248 | D:14     | Identified the +6 falchion of Fortitude {freeze, Stlth+}
 45273 | D:14     | Noticed Kirke
 45291 | D:14     | Noticed Kirke
 45291 | D:14     | Kirke changed into Kirke the azure jelly
 45291 | D:14     | XOM: polymorph Kirke -> Kirke the azure jelly
 45346 | D:13     | Killed Kirke the azure jelly
 45460 | D:13     | XOM: give mutations
 45460 | D:13     | Lost mutation: Your movements are slightly less encumbered
                  | by armour. (ER -2) [Xom's mischief]
 45460 | D:13     | Gained mutation: Your body sometimes deteriorates upon
                  | taking damage. [Xom's mischief]
 45460 | D:13     | Lost mutation: Your system is resistant to poisons. (rPois)
                  | [Xom's mischief]
 45849 | D:14     | XOM: silly message
 45871 | D:14     | Found a runed translucent door.
 45871 | D:14     | Identified the +2 spear "Losozyod" {holy, rN++ Int-3 Dex+6}
 45872 | D:14     | Noticed Uqorphet's ghost (journeyman DECj)
 45960 | D:14     | XOM: give mutation
 45960 | D:14     | Lost mutation: You are robust. (+10% HP) [Xom's mischief]
 45967 | D:14     | XOM: blink monster(s)
 45991 | D:14     | Killed Uqorphet's ghost
 46027 | D:15     | Entered Level 15 of the Dungeon
 46027 | D:15     | Found a staircase to the Depths.
 46567 | D:15     | Reached XP level 23. HP: 194/194 MP: 48/48
 46639 | D:15     | XOM: summons 10 hostile demons
 46747 | D:15     | XOM: cleaving
 46755 | D:15     | XOM: torment (118/194 hp)
 47213 | D:15     | XOM: divination: detect items
 47249 | Depths:1 | Entered Level 1 of the Depths
 47340 | Depths:1 | Found a runed translucent gate.
 47344 | Depths:1 | Found a runed translucent gate.
 47344 | Depths:1 | Found a runed translucent gate.
 47689 | Depths:1 | XOM: scenery: create altars
 47821 | Depths:1 | XOM: give mutations
 47821 | Depths:1 | Gained mutation: You are dopey. (Int -2) [Xom's mischief]
 47821 | Depths:1 | Lost mutation: You have an increased reservoir of magic.
                  | (+10% MP) [Xom's mischief]
 47915 | Depths:1 | Found a gateway to Hell.
 48062 | Depths:1 | XOM: cloud trail
 48222 | Depths:1 | XOM: divination: detect creatures
 48233 | Depths:1 | Identified the +3 demon blade of Action {vamp, Int+2}
 48276 | Depths:2 | Found a one-way gateway to a ziggurat.
 48427 | Depths:2 | XOM: divination: detect items
 48484 | Depths:1 | XOM: silly message
 48747 | Depths:2 | XOM: swap monsters
 48751 | Depths:2 | XOM: confusion (+ monsters)
 48843 | Depths:2 | XOM: 6-stop teleportation journey
 48850 | Depths:2 | XOM: 1-stop teleportation journey
 49044 | Depths:2 | XOM: noise
 49052 | Depths:2 | Found a one-way gate leading to the halls of Pandemonium.
 49091 | Depths:2 | Found a hazy altar of Hepliaklqana.
 49205 | Depths:2 | XOM: confusion (+ monsters)
 49210 | Depths:2 | XOM: polymorph frost giant -> shadow dragon
 49238 | Depths:2 | XOM: potion effect (might)
 49333 | Depths:2 | Noticed Sojobo
 49340 | Depths:2 | Paralysed by an air elemental for 1 turns
 49343 | Depths:2 | XOM: silly message
 49346 | Depths:2 | Paralysed by an air elemental for 1 turns
 49355 | Depths:2 | Killed Sojobo
 49441 | Depths:2 | XOM: silly message
 49780 | Depths:2 | Identified the ring "Narood" {rPois rN+ Will- Str+3 Int+6}
 50008 | Depths:2 | Identified the +1 robe of the Apothecary {rElec Dex+3}
 50162 | Depths:3 | Noticed Boris
 50173 | Depths:3 | Reached skill level 10 in Transmutations
 50177 | Depths:3 | Reached skill level 15 in Shields
 50178 | Depths:3 | Killed Boris
 50178 | Depths:3 | XOM: enchant monster (bad)
 50240 | Depths:3 | XOM: blink monster(s)
 50575 | Depths:3 | Found a corrupted altar of Lugonu.
 50576 | Depths:3 | Found a one-way gate to the infinite horrors of the Abyss.
 50700 | Depths:3 | Reached skill level 10 in Earth Magic
 50714 | Depths:3 | XOM: fog
 50790 | Depths:3 | Reached skill level 20 in Fighting
 51315 | Depths:3 | XOM: scenery: 1 doors close
 51422 | Depths:3 | XOM: scenery: 2 doors open, 3 doors close
 51529 | Depths:3 | XOM: cast spell 'Summon Cactus Giant'
 51537 | Depths:3 | XOM: polymorph tengu reaver -> alligator snapping turtle
 51544 | Depths:3 | XOM: summons 5 friendly demons
 51547 | Depths:3 | XOM: noise
 51554 | Depths:3 | Reached XP level 24. HP: 148/204 MP: 29/45
 51704 | Depths:4 | Entered Level 4 of the Depths
 51726 | Depths:4 | Found the -2 hat of the Alchemist {rElec rPois rF+ rC+ rN+
                  | Will+ rMut rCorr}
 51895 | Depths:4 | XOM: potion effect (might)
 51996 | Depths:4 | XOM: god gift: wand of polymorph (4)
 52005 | Depths:4 | XOM: summons friendly ufetubus
 52063 | Depths:4 | XOM: divine lightning
 52113 | Depths:4 | XOM: divination: detect creatures
 52218 | Depths:4 | XOM: chaos upgrade
 52221 | Depths:4 | XOM: summons 13 hostile demons
 52231 | Depths:4 | XOM: summons 2 hostile demons
 52275 | Depths:4 | Found a gate to the Realm of Zot.
 52285 | Depths:4 | XOM: repel stairs
 52317 | Depths:4 | XOM: chaos cloud
 52345 | Depths:4 | XOM: summons 2 hostile shadow creatures
 52476 | Depths:4 | XOM: chaos upgrade
 52913 | Vaults:5 | XOM: blink monster(s)
 53031 | Vaults:5 | XOM: chaos cloud
 53055 | Vaults:5 | XOM: stat loss: -1 Str (15/16)
 53138 | Vaults:5 | Identified the +9 long sword of Lupeacka {freeze, *Noise
                  | rF+ Dex+2 SInv}
 53169 | Vaults:5 | XOM: noise
 53182 | Vaults:5 | Identified the +5 trident "Demonspawn's Curse" {speed,
                  | Str+8 Int-5 Dex+4}
 53188 | Vaults:5 | XOM: silly message
 53215 | Vaults:5 | XOM: divination: detect creatures
 53228 | Vaults:5 | XOM: enchant monster (good)
 53350 | Vaults:4 | XOM: blink monster(s)
 53355 | Vaults:4 | Killed Saint Roka
 53713 | Vaults:5 | XOM: enchant monster (good)
 53832 | Vaults:5 | XOM: enchant monster (bad)
 53950 | Vaults:5 | XOM: give mutations
 53950 | Vaults:5 | Lost mutation: You are somewhat resistant to both further
                  | mutation and mutation removal. [Xom's mischief]
 53950 | Vaults:5 | Lost mutation: You are somewhat resistant to further
                  | mutation. [Xom's mischief]
 53950 | Vaults:5 | Gained mutation: You have hidden genetic potential. [Xom's
                  | mischief]
 53950 | Vaults:5 | Lost mutation: Your spells are a little harder to cast, but
                  | a little more powerful. [Xom's mischief]
 53950 | Vaults:5 | Gained mutation: Your body often deteriorates upon taking
                  | damage. [Xom's mischief]
 53987 | Vaults:5 | Reached skill level 21 in Fighting
 54099 | Vaults:5 | XOM: summons 3 hostile demons
 54156 | Vaults:5 | Noticed an ancient lich
 54169 | Vaults:5 | XOM: 1-stop teleportation journey
 54289 | Vaults:5 | XOM: fog
 54292 | Vaults:5 | Reached XP level 25. HP: 214/214 MP: 46/46
 54464 | Vaults:5 | XOM: polymorph deep troll earth mage -> glowing
                  | shapeshifter
 54519 | Vaults:5 | XOM: chaos cloud
 54627 | Vaults:5 | Found Sycsimpa's Armour Shop.
 54634 | Vaults:5 | Bought the +1 cloak of Starlight {*Dazzle EV+4 Stlth--} for
                  | 640 gold pieces
 54634 | Vaults:5 | Found the +1 cloak of Starlight {*Dazzle EV+4 Stlth--}
 54749 | Vaults:5 | XOM: summons 3 hostile shadow creatures
 54757 | Vaults:5 | Killed an ancient lich
 54812 | Vaults:5 | Got a silver rune of Zot
 55066 | D:13     | XOM: torment (145/214 hp)
 55209 | Zot:1    | Entered Level 1 of the Realm of Zot
 55260 | Zot:2    | XOM: enchant monster (good)
 55268 | Zot:2    | XOM: summons 5 friendly demons
 55274 | Zot:2    | XOM: smoke on damage
 55291 | Zot:2    | XOM: summons 4 friendly demons
 55325 | Zot:2    | XOM: noise
 55327 | Zot:2    | XOM: potion effect (brilliance)
 55358 | Zot:2    | XOM: fake destruction
 55364 | Zot:2    | XOM: summons friendly shadow imp
 55373 | Zot:2    | XOM: divination: detect creatures
 55398 | Zot:2    | XOM: enchant monster (good)
 55424 | Zot:1    | XOM: divination: detect items
 55477 | Zot:1    | XOM: cast spell 'Summon Cactus Giant'
 55480 | Zot:1    | XOM: potion effect (berserk rage)
 55531 | Depths:4 | XOM: cloud trail
 55572 | Zot:1    | XOM: divination: magic mapping
 55729 | Zot:1    | XOM: enchant monster (good)
 55944 | Zot:1    | Noticed a Killer Klown
 55945 | Zot:1    | XOM: potion effect (magic)
 55946 | Zot:1    | XOM: confusion (+ monsters)
 55952 | Zot:1    | XOM: divination: detect creatures
 55960 | Zot:1    | Killed a Killer Klown
 56030 | Zot:1    | XOM: summons friendly white imp
 56041 | Zot:1    | XOM: enchant monster (good)
 56614 | Depths:4 | XOM: divination: detect items
 56747 | Depths:4 | XOM: scenery: 1 fountains blood, 2 doors close
 56752 | Zot:1    | XOM: summons 2 friendly demons
 56922 | Zot:2    | XOM: 1-stop teleportation journey
 56957 | Zot:2    | XOM: give mutations
 56957 | Zot:2    | Gained mutation: Armour fits poorly on your strangely
                  | shaped body. [Xom's mischief]
 56957 | Zot:2    | Lost mutation: Your muscles are strong. (Str +2) [Xom's
                  | mischief]
 56973 | Zot:2    | XOM: summons 1 hostile demon
 56985 | Zot:2    | XOM: summons 5 hostile demons
 57052 | Zot:3    | You fall into a shaft and drop 1 floor!
 57081 | Zot:4    | Reached skill level 22 in Fighting
 57522 | Zot:4    | XOM: 2-stop teleportation journey
 57602 | Zot:3    | XOM: swap monsters
 57606 | Zot:3    | XOM: blink monster(s)
 57608 | Zot:3    | XOM: summons friendly quasit
 57668 | Zot:3    | XOM: enchant monster (good)
 57678 | Zot:3    | Gained mutation: A powerful demonic guardian rushes to your
                  | aid. [demonic ancestry]
 57678 | Zot:3    | Reached XP level 26. HP: 226/226 MP: 47/47
 57713 | Zot:3    | XOM: 3-stop teleportation journey
 57722 | Zot:3    | XOM: fog
 58191 | Zot:3    | XOM: 1-stop teleportation journey
 58349 | Zot:3    | Noticed an orb of fire
 58353 | Zot:3    | XOM: potion effect (curing)
 58355 | Zot:3    | XOM: cleaving
 58362 | Zot:3    | Killed an orb of fire
 58415 | Zot:3    | XOM: give mutations
 58415 | Zot:3    | Gained mutation: You have great hidden genetic potential.
                  | [Xom's grace]
 58415 | Zot:3    | Gained mutation: You are strong-willed. (Will+) [Xom's
                  | grace]
 58415 | Zot:3    | Gained mutation: You are highly strong-willed. (Will++)
                  | [Xom's grace]
 58531 | Zot:3    | XOM: divine lightning
 58838 | Zot:4    | Identified the +6 morningstar "Iwioc" {freeze, Drain Str+5
                  | Dex+2}
 59212 | Zot:4    | XOM: give mutations
 59212 | Zot:4    | Gained mutation: You have large cloven feet. [Xom's grace]
 59212 | Zot:4    | Lost mutation: You are dopey. (Int -2) [Xom's grace]
 59212 | Zot:4    | Lost mutation: You have large cloven feet. [Xom's grace]
 59212 | Zot:4    | Gained mutation: You have sharp toenails. [Xom's grace]
 59496 | Zot:5    | Entered Level 5 of the Realm of Zot
 59589 | Zot:5    | XOM: scenery: create altars
 59609 | Zot:5    | XOM: give mutations
 59609 | Zot:5    | Gained mutation: You are clumsy. (Dex -2) [Xom's mischief]
 59609 | Zot:5    | Gained mutation: You sometimes lose the ability to read
                  | scrolls when taking damage. [Xom's mischief]
 59632 | Zot:5    | Found a runed translucent door.
 59635 | Zot:5    | Found a shimmering altar of Xom.
 59635 | Zot:5    | Noticed Sebriys's ghost (legendary TrBe)
 59708 | Zot:5    | XOM: noise
 59723 | Zot:5    | XOM: blink monster(s)
 59742 | Zot:5    | Noticed a dread lich
 59742 | Zot:5    | XOM: 4-stop teleportation journey
 59757 | Zot:5    | XOM: summons 11 friendly demons
 59775 | Zot:5    | Killed Sebriys's ghost
 59782 | Zot:5    | Identified the +1 trident of Saha {elec, rElec rN+++ rCorr
                  | Dex-2}
 60007 | Zot:5    | Reached skill level 23 in Fighting
 60307 | Zot:5    | XOM: scenery: summon butterflies
 60312 | Zot:5    | XOM: noise
 60318 | Zot:5    | XOM: scenery: create altars
 60322 | Zot:5    | Killed a dread lich
 60328 | Zot:5    | Noticed an orb of fire
 60333 | Zot:5    | XOM: enchant monster (bad)
 60339 | Zot:5    | Noticed an orb of fire
 60351 | Zot:5    | Killed an orb of fire
 60353 | Zot:5    | XOM: repel stairs
 60355 | Zot:5    | Reached skill level 15 in Dodging
 60360 | Zot:5    | XOM: 1-stop teleportation journey
 60372 | Zot:5    | XOM: divine lightning
 60387 | Zot:5    | Found the +4 dragonskin cloak
 60387 | Zot:5    | Noticed Tiamat
 60416 | Zot:5    | XOM: smoke on damage
 60459 | Zot:5    | XOM: cast spell 'Call Canine Familiar'
 60460 | Zot:5    | XOM: divination: magic mapping
 60461 | Zot:5    | XOM: summons 5 hostile demons
 60609 | Zot:5    | XOM: summons friendly shadow imp
 60630 | Zot:5    | XOM: smoke on damage
 60632 | Zot:5    | Killed Tiamat
 60635 | Zot:5    | XOM: polymorph cacodemon -> reaper
 60641 | Zot:5    | Got the Orb of Zot
 60653 | Zot:5    | Noticed Xaon the pandemonium lord
 60674 | Zot:5    | XOM: scenery: 1 doors close
 60818 | Depths:4 | Noticed Wonoh the pandemonium lord
 61027 | D:9      | XOM: scenery: summon butterflies
 61105 | D:6      | Noticed Zusaetui the pandemonium lord
 61113 | D:6      | Killed Zusaetui the pandemonium lord
 61221 | D:$      | Escaped with the Orb!

Illustrated notes

Levels and vault maps discovered:
D:1:      dpeg_arrival_pits, layout_loops_cross
D:2:      layout_loops_cross, hellmonk_ecumenical_altar_slurped_away,
          basic_altar
D:3:      layout_loops_cross, pf_guarded_unrand_woodcutter
D:4:      layout_cave_pools, xom_confusion_cloud, gammafunk_ghost_necromancy,
          uniq_ijyb
D:5:      minmay_clustersquares, layout_cave_pools,
          nicolae_elyvilon_temple_path, mainiacjoe_overflow_brackets,
          serial_shops, nicolae_shop_statue_plus, kennysheep_windowed_goal
D:6:      layout_basic, grunt_ministairs_13, corexii_checkpoint_b,
          serial_bayou_pond_e, kennysheep_another_room, grunt_decor_arrowhead
D:7:      layout_cave_pods, grunt_temple_overflow_opulence,
          nicolae_vehumet_radiance, minmay_temple_entry_ruins
D:8:      layout_basic, erik_lair_island
D:9:      layout_gridville, mainiacjoe_overflow_boulevard, lemuel_crystal_altar
D:10:     layout_long_grid
D:11:     layout_roguey, serial_rivers, chequers_serial_rivers_marsh,
          chequers_serial_rivers_micro_d, chequers_serial_rivers_room_b,
          chequers_serial_rivers_room_b, chequers_serial_rivers_large_b,
          chequers_serial_rivers_room_a, uniq_josephine
D:12:     layout_loops_corners, orc_david_3
D:13:     layout_basic, grunt_vaults_entry_fortified, roderic_lattice_a
D:14:     layout_cave_pools, ebering_ghost_funeral_grove, nrook_pool_corridor,
          kennysheep_generic_room_11, uniq_snorg, uniq_kirke, uniq_azrael
D:15:     gammafunk_depths_entry_grave, layout_small_grid, serial_park_avenue1
Lair:1:   layout_big_grid, portal_ice_cave_rime
Lair:2:   layout_concentric_octagons, minmay_shoals_entry_hut,
          beast_lair_carwin_9, uniq_gastronok
Lair:3:   beast_lair_carwin_large_4, layout_regular_city,
          nicolae_spider_entry_tight_spaces, nicolae_lair_lil_pond,
          minmay_lair_oklob_items, uniq_sonja
Lair:4:   layout_layer_cave, dpeg_oklob_1, infiniplex_staircase_pool,
          serial_bayou_shore_b
Lair:5:   layout_layer_cave, slime_altar_1
Lair:6:   guppyfry_lair_end_dragon, layout_gridlike,
          hangedman_lair_caniforms_friends, minmay_stone_trees_small,
          st_stairs_12, eino_house_with_fridge
Shoals:1: cheibrodos_shoals_satyrical_garden, layout_shoals,
          regret_index_shoals_crete
Shoals:2: layout_shoals, serial_shops, nicolae_stop_n_shop_1,
          nicolae_shoals_pincushion_passage
Shoals:3: layout_shoals, serial_shops, bzr_entry_water, nicolae_square_shop,
          shop, nicolae_shoals_aquamancer_cove
Shoals:4: shoals_end_hangedman, layout_shoals
Spider:1: layout_spider_delve, hangedman_spider_mandibles, uniq_asterion,
          uniq_mlioglotl
Spider:2: layout_spider_delve, hangedman_spider_tarantella_strand
Spider:3: cheibrodos_spider_deadly_dance, drop_trap, uniq_arachne
Spider:4: hellmonk_spider_rune_bug_friends, uniq_roxanne
Orc:1:    minmay_goldmine, layout_diamond_mine, uniq_erica, uniq_urug,
          uniq_nergalle, uniq_erolcha, uniq_jorgrun
Orc:2:    kennysheep_orc_mage_school, layout_caves, basic_altar
Elf:1:    layout_geoelf_diagonals, serial_shops, nicolae_shop_advertising_works
          [nicolae_subvault_shop_adworks], minmay_elf_demonology,
          lemuel_statue_altar, minivault_13, minmay_shop_star
Elf:2:    elven_hall_of_blades_hangedman_original [nooodl_blade_entry_preview],
          layout_loops_cross, serial_shops, bzr_in_the_mist, drop_trap,
          minmay_strange_pillars, grunt_ministairs_14, lemuel_upstairs_altar,
          uniq_aizul
Elf:3:    minmay_elf_hall_hex, layout_rooms, nicolae_elf_loose_elemental_storage
Vaults:1: nicolae_vaults_arrows, nicolae_vaults_meeting, v_pattern_2,
          vaults_dpeg_hooks, v_misc_14, ontoclasm_vaults_twist,
          hangedman_vaults_slice, vaults_room_hallway, layout_vaults_omnigrid,
          serial_shops, shop, enter_trove_1
Vaults:2: grunt_vaults_bifocal, minmay_crypt_entry_vampire_xt,
          vaults_room_guarded_vault, vaults_standard_mumra_x, v_misc_11,
          vaults_mumra_chevron, nicolae_vaults_little_squares_4, v_misc_27,
          nicolae_vaults_little_squares_3, nicolae_vaults_little_squares_4,
          nicolae_vaults_little_squares_4, ontoclasm_vaults_spin, v_misc_24,
          layout_vaults_omnibox, uniq_bai_suzhen
Vaults:3: ploomutoo_gammafunk_ghost_potion_laboratory, v_misc_4, v_misc_3,
          v_misc_26, vaults_dpeg_doors, nicolae_vaults_what_the_h,
          vaults_room_fours, vaults_dpeg_encased_lava,
          ontoclasm_vaults_decontamination, vaults_standard_mumra_lines,
          layout_vaults_omnicross, serial_shops, shop
Vaults:4: nicolae_vaults_circle_grid_a, v_pattern_3,
          nicolae_vaults_shelves_hall, not_door_vault_due, v_misc_5, v_rooms_2,
          nicolae_vaults_asterisk, v_rooms_5, vaults_mumra_minichess_inversion,
          nicolae_vaults_little_squares_6, nicolae_vaults_little_squares_5,
          v_misc_5, v_misc_24, vaults_room_door_ring, layout_vaults_maze_snakey,
          uniq_mara, uniq_mennas, uniq_boris, uniq_xtahua
Vaults:5: uniq_saint_roka
Depths:1: layout_long_grid, hellmouth_1, serial_bayou_lagoon_a, pandoras_box_mu
Depths:2: little_maze_vault, layout_cave_pools, enter_ziggurat_f, hell_entry,
          minmay_holes, rand_demon_pan_entry_5,
          nicolae_hepliaklqana_hazy_memory, uniq_sojobo
Depths:3: minmay_isolated_rectangles_in_corner, layout_gridlike,
          infiniplex_staircase_zigzag_3, abyss_entry_flame_altar, hell_entry,
          hangedman_aviary
Depths:4: grunt_zot_entry_tricorne, layout_cave_pools, pf_hell_entry_great_geh,
          rand_demon_pan_entry_1
Zot:1:    cheibrodos_zot_enchanting_chambers, layout_misc_corridors,
          st_single_dragon_hoard_4
Zot:2:    infiniplex_zot_generator, layout_basic, nicolae_rock_paper_scissors
Zot:3:    lemuel_firehouse, layout_cathedral_of_symmetry
Zot:4:    layout_gridlike
Zot:5:    layout_basic, ebering_ghost_xom, lemuel_lake_of_fire, uniq_tiamat

Skill      XL: |  1  2  3  4  5  6  7  8  9 10 11 12 13 14 15 16 17 18 19 20 21 22 23 24 25 26 |
---------------+-------------------------------------------------------------------------------+-----
Armour         | 2 3 4 6 7 8 9 10 11 12 13 14 15 16 | 16.0
Axes           | 3 4 |  4.4
Fighting       | 4 5 7 8 9 11 12 13 14 15 16 17 18 19 20 21 22 23 | 23.7
Dodging        | 1 2 3 4 5 6 7 8 9 10 11 13 15 | 15.5
Spellcasting   | 1 2 3 4 6 7 9 10 11 12 13 14 15 16 17 18 19 20 | 20.0
Evocations     | 2 5 7 8 9 10 12 13 14 15 | 15.0
Shields        | 3 5 6 8 9 11 12 13 14 15 16 | 16.7
Transmutations | 4 6 8 10 12 13 | 13.0
Earth Magic    | 4 6 8 10 12 | 12.8

Action                   |  1- 3 |  4- 6 |  7- 9 | 10-12 | 13-15 | 16-18 | 19-21 | 22-24 | 25-27 || total
-------------------------+-------+-------+-------+-------+-------+-------+-------+-------+-------++-------
Melee: Hand axe          |   122 |    20 |       |       |       |       |       |       |       ||   142
       War axe           |       |    28 |   244 |   657 |   941 |  1476 |  2201 |  2400 |  1154 ||  9101
       Touch             |       |     6 |    45 |   126 |    69 |       |       |       |       ||   246
       Punch             |       |     1 |     4 |    14 |     7 |       |       |       |       ||    26
       Headbutt          |       |       |       |       |       |    20 |   106 |       |       ||   126
       Kick              |       |       |       |       |       |     5 |       |       |   148 ||   153
Throw: Dart              |       |       |     1 |       |     6 |       |       |       |       ||     7
       Throwing net      |       |       |       |       |       |       |       |     4 |     4 ||     8
 Cast: Statue Form       |       |       |       |       |       |       |       |    53 |    95 ||   148
       Passwall          |       |       |       |       |       |       |       |       |     1 ||     1
 Abil: End Transformatio |       |       |       |       |       |       |       |       |     2 ||     2
Evoke: Wand              |       |       |       |    11 |    19 |     7 |       |    20 |     3 ||    60
       Phantom mirror    |       |       |       |     1 |     2 |       |     1 |       |     1 ||     5
       Piece from Xom's  |       |       |       |       |     1 |       |       |       |       ||     1
       Lightning rod     |       |       |       |       |       |     4 |       |       |       ||     4
       Condenser vane    |       |       |       |       |       |     3 |     7 |     8 |     6 ||    24
       Box of beasts     |       |       |       |       |       |       |     1 |       |     1 ||     2
       Tin of tremorston |       |       |       |       |       |       |       |       |     2 ||     2
  Use: Scroll            |       |       |     4 |    11 |    12 |    13 |    14 |    18 |     9 ||    81
       Potion            |       |       |       |    16 |     3 |    11 |    13 |    10 |    15 ||    68
 Stab: Petrified         |       |       |       |     2 |     5 |     7 |    13 |     7 |     1 ||    35
       Petrifying        |       |       |       |     2 |     2 |       |     3 |     1 |     1 ||     9
       Confused          |       |       |       |     3 |     1 |     1 |     2 |    13 |     1 ||    21
       Distracted        |       |       |       |     1 |     1 |       |     4 |     8 |     4 ||    18
       Invisible         |       |       |       |     1 |       |    43 |     2 |       |    13 ||    59
       Paralysed         |       |       |       |       |     4 |       |       |    22 |       ||    26
       Sleeping          |       |       |       |       |       |     1 |       |     3 |       ||     4
       Betrayed ally     |       |       |       |       |       |       |       |       |     1 ||     1
Armor: Leather armour    |    47 |    17 |    20 |       |       |       |       |       |       ||    84
       Plate armour      |       |       |   138 |   500 |    78 |       |  1627 |  1362 |       ||  3705
       Skin              |       |       |       |     1 |       |    16 |       |   358 |   342 ||   717
       Chain mail        |       |       |       |       |   501 |   794 |    17 |       |       ||  1312
       Troll leather arm |       |       |       |       |       |       |       |    46 |    81 ||   127
Dodge: Dodged            |    71 |    23 |    66 |   222 |   449 |   533 |   661 |  1044 |   771 ||  3840
Block: Other             |    22 |    10 |    62 |   227 |   133 |       |       |       |       ||   454
       Kite shield       |       |       |       |       |   527 |  1483 |  2591 |  3324 |  1491 ||  9416
